Workbook

Sheet ORÇAMENTO
A1: TIMBRE
A3: OBJETO: REFORMA MELHOR IDADE
A4: BOLETIM REFERENCIAL DE CUSTOS - TABELA DE SERVIÇOS - Versão 200 (COM DESONERAÇÃO) - DATA BASE: JAN/2026
A5: ITEM | B5: COD. CDHU | C5: SERVIÇO | D5: UND | E5: QTD | F5: $MAT | G5: $MDO | H5: $UNIT | J5: $TOTAL_MAT | K5: $TOTAL MDO | L5: $TOTAL | M5: $TOTAL+BDI=
H6: (MAT+MDO) | L6: (MAT+MDO) | M6: =BDI!D17 -> 0.2685
A7: 1 | C7: SERVIÇOS PRELIMINARAES | J7: =SUM(J8:J11) -> #REF! | K7: =SUM(K8:K11) -> #REF! | L7: =SUM(L8:L11) -> 0 | M7: =SUM(M8:M11) -> 0
A8: 1.1 | B8: 02.08.020 | C8: Placa de identificação para obra | D8: M2 | E8: 1.5 | F8: =VLOOKUP(B8,#REF!,4,0) -> #REF! | G8: =VLOOKUP(B8,#REF!,5,0) -> #REF! | I8: =F8+G8 -> #REF! | J8: =ROUND(E8*F8,2) -> #REF! | K8: =ROUND(E8*G8,2) -> #REF! | L8: =ROUND(E8*H8,2) -> 0 | M8: =L8*(1+$M$6) -> 0
A9: 1.2 | B9: 03.01.020 | C9: Demolição manual de concreto simples | D9: M3 | E9: 1.54 | F9: =VLOOKUP(B9,#REF!,4,0) -> #REF! | G9: =VLOOKUP(B9,#REF!,5,0) -> #REF! | I9: =F9+G9 -> #REF! | J9: =ROUND(E9*F9,2) -> #REF! | K9: =ROUND(E9*G9,2) -> #REF! | L9: =ROUND(E9*H9,2) -> 0 | M9: =L9*(1+$M$6) -> 0
A10: 1.3 | B10: 01.20.010 | C10: Taxa de mobilização e desmobilização de equipamentos para execução de levantamento topográfico | D10: TX | E10: 1 | F10: =VLOOKUP(B10,#REF!,4,0) -> #REF! | G10: =VLOOKUP(B10,#REF!,5,0) -> #REF! | I10: =F10+G10 -> #REF! | J10: =ROUND(E10*F10,2) -> #REF! | K10: =ROUND(E10*G10,2) -> #REF! | L10: =ROUND(E10*H10,2) -> 0 | M10: =L10*(1+$M$6) -> 0
A11: 1.4 | B11: 01.20.781 | C11: Levantamento planialtimétrico cadastral com áreas ocupadas predominantemente por comunidades - área até 20.000 m² (mínimo de 3.500 m²) | D11: M2 | E11: 411.78 | F11: =VLOOKUP(B11,#REF!,4,0) -> #REF! | G11: =VLOOKUP(B11,#REF!,5,0) -> #REF! | I11: =F11+G11 -> #REF! | J11: =ROUND(E11*F11,2) -> #REF! | K11: =ROUND(E11*G11,2) -> #REF! | L11: =ROUND(E11*H11,2) -> 0 | M11: =L11*(1+$M$6) -> 0
A13: 2 | C13: MURETA | J13: =SUM(J14:J18) -> #REF! | K13: =SUM(K14:K18) -> #REF! | L13: =SUM(L14:L18) -> 0 | M13: =SUM(M14:M18) -> 0
A14: 2.1 | B14: 02.10.050 | C14: Locação para muros, cercas e alambrados | D14: M | E14: 55.2698 | F14: =VLOOKUP(B14,#REF!,4,0) -> #REF! | G14: =VLOOKUP(B14,#REF!,5,0) -> #REF! | I14: =F14+G14 -> #REF! | J14: =ROUND(E14*F14,2) -> #REF! | K14: =ROUND(E14*G14,2) -> #REF! | L14: =ROUND(E14*H14,2) -> 0 | M14: =L14*(1+$M$6) -> 0
A15: 2.2 | B15: 09.01.020 | C15: Forma em madeira comum para fundação | D15: M2 | E15: 38.599198 | F15: =VLOOKUP(B15,#REF!,4,0) -> #REF! | G15: =VLOOKUP(B15,#REF!,5,0) -> #REF! | I15: =F15+G15 -> #REF! | J15: =ROUND(E15*F15,2) -> #REF! | K15: =ROUND(E15*G15,2) -> #REF! | L15: =ROUND(E15*H15,2) -> 0 | M15: =L15*(1+$M$6) -> 0
A16: 2.3 | B16: 10.01.040 | C16: Armadura em barra de aço CA-50 (A ou B) fyk = 500 MPa | D16: KG | E16: 96.140656 | F16: =VLOOKUP(B16,#REF!,4,0) -> #REF! | G16: =VLOOKUP(B16,#REF!,5,0) -> #REF! | I16: =F16+G16 -> #REF! | J16: =ROUND(E16*F16,2) -> #REF! | K16: =ROUND(E16*G16,2) -> #REF! | L16: =ROUND(E16*H16,2) -> 0 | M16: =L16*(1+$M$6) -> 0
A17: 2.4 | B17: 11.04.060 | C17: Concreto não estrutural executado no local, mínimo 300 kg cimento / m³ | D17: M3 | E17: 2.4787 | F17: =VLOOKUP(B17,#REF!,4,0) -> #REF! | G17: =VLOOKUP(B17,#REF!,5,0) -> #REF! | I17: =F17+G17 -> #REF! | J17: =ROUND(E17*F17,2) -> #REF! | K17: =ROUND(E17*G17,2) -> #REF! | L17: =ROUND(E17*H17,2) -> 0 | M17: =L17*(1+$M$6) -> 0
A18: 2.5 | B18: 11.16.060 | C18: Lançamento e adensamento de concreto ou massa em estrutura | D18: M3 | E18: 2.4787 | F18: =VLOOKUP(B18,#REF!,4,0) -> #REF! | G18: =VLOOKUP(B18,#REF!,5,0) -> #REF! | I18: =F18+G18 -> #REF! | J18: =ROUND(E18*F18,2) -> #REF! | K18: =ROUND(E18*G18,2) -> #REF! | L18: =ROUND(E18*H18,2) -> 0 | M18: =L18*(1+$M$6) -> 0
A20: 3 | C20: RAMPAS E PATAMARES | J20: =SUM(J21:J28) -> #REF! | K20: =SUM(K21:K28) -> #REF! | L20: =SUM(L21:L28) -> 0 | M20: =SUM(M21:M28) -> 0
A21: 3.1 | B21: 02.10.060 | C21: Locação de vias, calçadas, tanques e lagoas | D21: M2 | E21: 180.7941 | F21: =VLOOKUP(B21,#REF!,4,0) -> #REF! | G21: =VLOOKUP(B21,#REF!,5,0) -> #REF! | I21: =F21+G21 -> #REF! | J21: =ROUND(E21*F21,2) -> #REF! | K21: =ROUND(E21*G21,2) -> #REF! | L21: =ROUND(E21*H21,2) -> 0 | M21: =L21*(1+$M$6) -> 0
A22: 3.2 | B22: 06.12.020 | C22: Aterro manual apiloado de área interna com maço de 30 kg | D22: M3 | E22: 30.4385 | F22: =VLOOKUP(B22,#REF!,4,0) -> #REF! | G22: =VLOOKUP(B22,#REF!,5,0) -> #REF! | I22: =F22+G22 -> #REF! | J22: =ROUND(E22*F22,2) -> #REF! | K22: =ROUND(E22*G22,2) -> #REF! | L22: =ROUND(E22*H22,2) -> 0 | M22: =L22*(1+$M$6) -> 0
A23: 3.3 | B23: 11.18.040 | C23: Lastro de pedra britada | D23: M3 | E23: 0.687498 | F23: =VLOOKUP(B23,#REF!,4,0) -> #REF! | G23: =VLOOKUP(B23,#REF!,5,0) -> #REF! | I23: =F23+G23 -> #REF! | J23: =ROUND(E23*F23,2) -> #REF! | K23: =ROUND(E23*G23,2) -> #REF! | L23: =ROUND(E23*H23,2) -> 0 | M23: =L23*(1+$M$6) -> 0
A24: 3.4 | B24: 10.02.020 | C24: Armadura em tela soldada de aço | D24: KG | E24: 267.57527 | F24: =VLOOKUP(B24,#REF!,4,0) -> #REF! | G24: =VLOOKUP(B24,#REF!,5,0) -> #REF! | I24: =F24+G24 -> #REF! | J24: =ROUND(E24*F24,2) -> #REF! | K24: =ROUND(E24*G24,2) -> #REF! | L24: =ROUND(E24*H24,2) -> 0 | M24: =L24*(1+$M$6) -> 0
A25: 3.5 | B25: 11.04.060 | C25: Concreto não estrutural executado no local, mínimo 300 kg cimento / m³ | D25: M3 | E25: 15.3598 | F25: =VLOOKUP(B25,#REF!,4,0) -> #REF! | G25: =VLOOKUP(B25,#REF!,5,0) -> #REF! | I25: =F25+G25 -> #REF! | J25: =ROUND(E25*F25,2) -> #REF! | K25: =ROUND(E25*G25,2) -> #REF! | L25: =ROUND(E25*H25,2) -> 0 | M25: =L25*(1+$M$6) -> 0
A26: 3.6 | B26: 11.16.060 | C26: Lançamento e adensamento de concreto ou massa em estrutura | D26: M3 | E26: 15.3598 | F26: =VLOOKUP(B26,#REF!,4,0) -> #REF! | G26: =VLOOKUP(B26,#REF!,5,0) -> #REF! | I26: =F26+G26 -> #REF! | J26: =ROUND(E26*F26,2) -> #REF! | K26: =ROUND(E26*G26,2) -> #REF! | L26: =ROUND(E26*H26,2) -> 0 | M26: =L26*(1+$M$6) -> 0
A27: 3.7 | B27: 17.01.050 | C27: Regularização de piso com nata de cimento | D27: M2 | E27: 180.7941 | F27: =VLOOKUP(B27,#REF!,4,0) -> #REF! | G27: =VLOOKUP(B27,#REF!,5,0) -> #REF! | I27: =F27+G27 -> #REF! | J27: =ROUND(E27*F27,2) -> #REF! | K27: =ROUND(E27*G27,2) -> #REF! | L27: =ROUND(E27*H27,2) -> 0 | M27: =L27*(1+$M$6) -> 0
A28: 3.8 | B28: 33.06.020 | C28: Acrílico para quadras e pisos cimentados | D28: M2 | E28: 180.7941 | F28: =VLOOKUP(B28,#REF!,4,0) -> #REF! | G28: =VLOOKUP(B28,#REF!,5,0) -> #REF! | I28: =F28+G28 -> #REF! | J28: =ROUND(E28*F28,2) -> #REF! | K28: =ROUND(E28*G28,2) -> #REF! | L28: =ROUND(E28*H28,2) -> 0 | M28: =L28*(1+$M$6) -> 0
A30: 4 | C30: ARQUIBANCADA | J30: =SUM(J31:J36) -> #REF! | K30: =SUM(K31:K36) -> #REF! | L30: =SUM(L31:L36) -> 0 | M30: =SUM(M31:M36) -> 0
A31: 4.1 | B31: 14.01.020 | C31: Alvenaria de embasamento em tijolo maciço comum | D31: M3 | E31: 4.1529 | F31: =VLOOKUP(B31,#REF!,4,0) -> #REF! | G31: =VLOOKUP(B31,#REF!,5,0) -> #REF! | I31: =F31+G31 -> #REF! | J31: =ROUND(E31*F31,2) -> #REF! | K31: =ROUND(E31*G31,2) -> #REF! | L31: =ROUND(E31*H31,2) -> 0 | M31: =L31*(1+$M$6) -> 0
A32: 4.2 | B32: 17.02.020 | C32: Chapisco | D32: M2 | E32: 8.1414 | F32: =VLOOKUP(B32,#REF!,4,0) -> #REF! | G32: =VLOOKUP(B32,#REF!,5,0) -> #REF! | I32: =F32+G32 -> #REF! | J32: =ROUND(E32*F32,2) -> #REF! | K32: =ROUND(E32*G32,2) -> #REF! | L32: =ROUND(E32*H32,2) -> 0 | M32: =L32*(1+$M$6) -> 0
A33: 4.3 | B33: 17.02.120 | C33: Emboço comum | D33: M2 | E33: 8.1414 | F33: =VLOOKUP(B33,#REF!,4,0) -> #REF! | G33: =VLOOKUP(B33,#REF!,5,0) -> #REF! | I33: =F33+G33 -> #REF! | J33: =ROUND(E33*F33,2) -> #REF! | K33: =ROUND(E33*G33,2) -> #REF! | L33: =ROUND(E33*H33,2) -> 0 | M33: =L33*(1+$M$6) -> 0
A34: 4.4 | B34: 17.02.220 | C34: Reboco | D34: M2 | E34: 8.1414 | F34: =VLOOKUP(B34,#REF!,4,0) -> #REF! | G34: =VLOOKUP(B34,#REF!,5,0) -> #REF! | I34: =F34+G34 -> #REF! | J34: =ROUND(E34*F34,2) -> #REF! | K34: =ROUND(E34*G34,2) -> #REF! | L34: =ROUND(E34*H34,2) -> 0 | M34: =L34*(1+$M$6) -> 0
A35: 4.5 | B35: 55.01.140 | C35: Limpeza de superfície com hidrojateamento | D35: M2 | E35: 98.2721 | F35: =VLOOKUP(B35,#REF!,4,0) -> #REF! | G35: =VLOOKUP(B35,#REF!,5,0) -> #REF! | I35: =F35+G35 -> #REF! | J35: =ROUND(E35*F35,2) -> #REF! | K35: =ROUND(E35*G35,2) -> #REF! | L35: =ROUND(E35*H35,2) -> 0 | M35: =L35*(1+$M$6) -> 0
A36: 4.6 | B36: 33.06.020 | C36: Acrílico para quadras e pisos cimentados | D36: M2 | E36: 98.2721 | F36: =VLOOKUP(B36,#REF!,4,0) -> #REF! | G36: =VLOOKUP(B36,#REF!,5,0) -> #REF! | I36: =F36+G36 -> #REF! | J36: =ROUND(E36*F36,2) -> #REF! | K36: =ROUND(E36*G36,2) -> #REF! | L36: =ROUND(E36*H36,2) -> 0 | M36: =L36*(1+$M$6) -> 0
A38: 5 | C38: ESCADA | J38: =SUM(J39:J47) -> #REF! | K38: =SUM(K39:K47) -> #REF! | L38: =SUM(L39:L47) -> 0 | M38: =SUM(M39:M47) -> 0
A39: 5.1 | B39: 02.10.060 | C39: Locação de vias, calçadas, tanques e lagoas | D39: M2 | E39: 6.0497 | F39: =VLOOKUP(B39,#REF!,4,0) -> #REF! | G39: =VLOOKUP(B39,#REF!,5,0) -> #REF! | I39: =F39+G39 -> #REF! | J39: =ROUND(E39*F39,2) -> #REF! | K39: =ROUND(E39*G39,2) -> #REF! | L39: =ROUND(E39*H39,2) -> 0 | M39: =L39*(1+$M$6) -> 0
A40: 5.2 | B40: 03.01.020 | C40: Demolição manual de concreto simples | D40: M3 | E40: 2.0697 | F40: =VLOOKUP(B40,#REF!,4,0) -> #REF! | G40: =VLOOKUP(B40,#REF!,5,0) -> #REF! | I40: =F40+G40 -> #REF! | J40: =ROUND(E40*F40,2) -> #REF! | K40: =ROUND(E40*G40,2) -> #REF! | L40: =ROUND(E40*H40,2) -> 0 | M40: =L40*(1+$M$6) -> 0
A41: 5.3 | B41: 11.18.040 | C41: Lastro de pedra britada | D41: M3 | E41: 0.181491 | F41: =VLOOKUP(B41,#REF!,4,0) -> #REF! | G41: =VLOOKUP(B41,#REF!,5,0) -> #REF! | I41: =F41+G41 -> #REF! | J41: =ROUND(E41*F41,2) -> #REF! | K41: =ROUND(E41*G41,2) -> #REF! | L41: =ROUND(E41*H41,2) -> 0 | M41: =L41*(1+$M$6) -> 0
A42: 5.4 | B42: 09.01.020 | C42: Forma em madeira comum para fundação | D42: M2 | E42: 3.42 | F42: =VLOOKUP(B42,#REF!,4,0) -> #REF! | G42: =VLOOKUP(B42,#REF!,5,0) -> #REF! | I42: =F42+G42 -> #REF! | J42: =ROUND(E42*F42,2) -> #REF! | K42: =ROUND(E42*G42,2) -> #REF! | L42: =ROUND(E42*H42,2) -> 0 | M42: =L42*(1+$M$6) -> 0
A43: 5.5 | B43: 10.02.020 | C43: Armadura em tela soldada de aço | D43: KG | E43: 8.953556 | F43: =VLOOKUP(B43,#REF!,4,0) -> #REF! | G43: =VLOOKUP(B43,#REF!,5,0) -> #REF! | I43: =F43+G43 -> #REF! | J43: =ROUND(E43*F43,2) -> #REF! | K43: =ROUND(E43*G43,2) -> #REF! | L43: =ROUND(E43*H43,2) -> 0 | M43: =L43*(1+$M$6) -> 0
A44: 5.6 | B44: 11.04.060 | C44: Concreto não estrutural executado no local, mínimo 300 kg cimento / m³ | D44: M3 | E44: 1.1245 | F44: =VLOOKUP(B44,#REF!,4,0) -> #REF! | G44: =VLOOKUP(B44,#REF!,5,0) -> #REF! | I44: =F44+G44 -> #REF! | J44: =ROUND(E44*F44,2) -> #REF! | K44: =ROUND(E44*G44,2) -> #REF! | L44: =ROUND(E44*H44,2) -> 0 | M44: =L44*(1+$M$6) -> 0
A45: 5.7 | B45: 11.16.060 | C45: Lançamento e adensamento de concreto ou massa em estrutura | D45: M3 | E45: 1.1245 | F45: =VLOOKUP(B45,#REF!,4,0) -> #REF! | G45: =VLOOKUP(B45,#REF!,5,0) -> #REF! | I45: =F45+G45 -> #REF! | J45: =ROUND(E45*F45,2) -> #REF! | K45: =ROUND(E45*G45,2) -> #REF! | L45: =ROUND(E45*H45,2) -> 0 | M45: =L45*(1+$M$6) -> 0
A46: 5.8 | B46: 17.01.050 | C46: Regularização de piso com nata de cimento | D46: M2 | E46: 4.959 | F46: =VLOOKUP(B46,#REF!,4,0) -> #REF! | G46: =VLOOKUP(B46,#REF!,5,0) -> #REF! | I46: =F46+G46 -> #REF! | J46: =ROUND(E46*F46,2) -> #REF! | K46: =ROUND(E46*G46,2) -> #REF! | L46: =ROUND(E46*H46,2) -> 0 | M46: =L46*(1+$M$6) -> 0
A47: 5.9 | B47: 33.06.020 | C47: Acrílico para quadras e pisos cimentados | D47: M2 | E47: 8.379 | F47: =VLOOKUP(B47,#REF!,4,0) -> #REF! | G47: =VLOOKUP(B47,#REF!,5,0) -> #REF! | I47: =F47+G47 -> #REF! | J47: =ROUND(E47*F47,2) -> #REF! | K47: =ROUND(E47*G47,2) -> #REF! | L47: =ROUND(E47*H47,2) -> 0 | M47: =L47*(1+$M$6) -> 0
A49: 6 | C49: FLOREIRA | J49: =SUM(J50:J56) -> #REF! | K49: =SUM(K50:K56) -> #REF! | L49: =SUM(L50:L56) -> 0 | M49: =SUM(M50:M56) -> 0
A50: 6.1 | B50: 02.10.050 | C50: Locação para muros, cercas e alambrados | D50: M | E50: 21.113333 | F50: =VLOOKUP(B50,#REF!,4,0) -> #REF! | G50: =VLOOKUP(B50,#REF!,5,0) -> #REF! | I50: =F50+G50 -> #REF! | J50: =ROUND(E50*F50,2) -> #REF! | K50: =ROUND(E50*G50,2) -> #REF! | L50: =ROUND(E50*H50,2) -> 0 | M50: =L50*(1+$M$6) -> 0
A51: 6.2 | B51: 14.01.020 | C51: Alvenaria de embasamento em tijolo maciço comum | D51: M3 | E51: 0.8265 | F51: =VLOOKUP(B51,#REF!,4,0) -> #REF! | G51: =VLOOKUP(B51,#REF!,5,0) -> #REF! | I51: =F51+G51 -> #REF! | J51: =ROUND(E51*F51,2) -> #REF! | K51: =ROUND(E51*G51,2) -> #REF! | L51: =ROUND(E51*H51,2) -> 0 | M51: =L51*(1+$M$6) -> 0
A52: 6.3 | B52: 14.10.101 | C52: Alvenaria de bloco de concreto de vedação de 9 cm - classe C | D52: M2 | E52: 12.668 | F52: =VLOOKUP(B52,#REF!,4,0) -> #REF! | G52: =VLOOKUP(B52,#REF!,5,0) -> #REF! | I52: =F52+G52 -> #REF! | J52: =ROUND(E52*F52,2) -> #REF! | K52: =ROUND(E52*G52,2) -> #REF! | L52: =ROUND(E52*H52,2) -> 0 | M52: =L52*(1+$M$6) -> 0
A53: 6.4 | B53: 17.02.020 | C53: Chapisco | D53: M2 | E53: 12.668 | F53: =VLOOKUP(B53,#REF!,4,0) -> #REF! | G53: =VLOOKUP(B53,#REF!,5,0) -> #REF! | I53: =F53+G53 -> #REF! | J53: =ROUND(E53*F53,2) -> #REF! | K53: =ROUND(E53*G53,2) -> #REF! | L53: =ROUND(E53*H53,2) -> 0 | M53: =L53*(1+$M$6) -> 0
A54: 6.5 | B54: 17.02.120 | C54: Emboço comum | D54: M2 | E54: 12.668 | F54: =VLOOKUP(B54,#REF!,4,0) -> #REF! | G54: =VLOOKUP(B54,#REF!,5,0) -> #REF! | I54: =F54+G54 -> #REF! | J54: =ROUND(E54*F54,2) -> #REF! | K54: =ROUND(E54*G54,2) -> #REF! | L54: =ROUND(E54*H54,2) -> 0 | M54: =L54*(1+$M$6) -> 0
A55: 6.6 | B55: 17.02.220 | C55: Reboco | D55: M2 | E55: 12.668 | F55: =VLOOKUP(B55,#REF!,4,0) -> #REF! | G55: =VLOOKUP(B55,#REF!,5,0) -> #REF! | I55: =F55+G55 -> #REF! | J55: =ROUND(E55*F55,2) -> #REF! | K55: =ROUND(E55*G55,2) -> #REF! | L55: =ROUND(E55*H55,2) -> 0 | M55: =L55*(1+$M$6) -> 0
A56: 6.7 | B56: 33.10.020 | C56: Tinta látex em massa, inclusive preparo | D56: M2 | E56: 12.668 | F56: =VLOOKUP(B56,#REF!,4,0) -> #REF! | G56: =VLOOKUP(B56,#REF!,5,0) -> #REF! | I56: =F56+G56 -> #REF! | J56: =ROUND(E56*F56,2) -> #REF! | K56: =ROUND(E56*G56,2) -> #REF! | L56: =ROUND(E56*H56,2) -> 0 | M56: =L56*(1+$M$6) -> 0
A58: 7 | C58: FACHADAS E ELEVAÇÃO | J58: =SUM(J59:J66) -> #REF! | K58: =SUM(K59:K66) -> #REF! | L58: =SUM(L59:L66) -> 0 | M58: =SUM(M59:M66) -> 0
A59: 7.1 | B59: 04.08.020 | C59: Retirada de folha de esquadria em madeira | D59: UN | E59: 8 | F59: =VLOOKUP(B59,#REF!,4,0) -> #REF! | G59: =VLOOKUP(B59,#REF!,5,0) -> #REF! | I59: =F59+G59 -> #REF! | J59: =ROUND(E59*F59,2) -> #REF! | K59: =ROUND(E59*G59,2) -> #REF! | L59: =ROUND(E59*H59,2) -> 0 | M59: =L59*(1+$M$6) -> 0
A60: 7.2 | B60: 04.08.060 | C60: Retirada de batente com guarnição e peças lineares em madeira, chumbados | D60: M | E60: 31.2 | F60: =VLOOKUP(B60,#REF!,4,0) -> #REF! | G60: =VLOOKUP(B60,#REF!,5,0) -> #REF! | I60: =F60+G60 -> #REF! | J60: =ROUND(E60*F60,2) -> #REF! | K60: =ROUND(E60*G60,2) -> #REF! | L60: =ROUND(E60*H60,2) -> 0 | M60: =L60*(1+$M$6) -> 0
A61: 7.3 | B61: 03.02.040 | C61: Demolição manual de alvenaria de elevação ou elemento vazado, incluindo revestimento | D61: M3 | E61: 4.1567 | F61: =VLOOKUP(B61,#REF!,4,0) -> #REF! | G61: =VLOOKUP(B61,#REF!,5,0) -> #REF! | I61: =F61+G61 -> #REF! | J61: =ROUND(E61*F61,2) -> #REF! | K61: =ROUND(E61*G61,2) -> #REF! | L61: =ROUND(E61*H61,2) -> 0 | M61: =L61*(1+$M$6) -> 0
A62: 7.4 | B62: 14.20.010 | C62: Vergas, contravergas e pilaretes de concreto armado | D62: M3 | E62: 0.864 | F62: =VLOOKUP(B62,#REF!,4,0) -> #REF! | G62: =VLOOKUP(B62,#REF!,5,0) -> #REF! | I62: =F62+G62 -> #REF! | J62: =ROUND(E62*F62,2) -> #REF! | K62: =ROUND(E62*G62,2) -> #REF! | L62: =ROUND(E62*H62,2) -> 0 | M62: =L62*(1+$M$6) -> 0
A63: 7.5 | B63: 17.02.020 | C63: Chapisco | D63: M2 | E63: 4.32 | F63: =VLOOKUP(B63,#REF!,4,0) -> #REF! | G63: =VLOOKUP(B63,#REF!,5,0) -> #REF! | I63: =F63+G63 -> #REF! | J63: =ROUND(E63*F63,2) -> #REF! | K63: =ROUND(E63*G63,2) -> #REF! | L63: =ROUND(E63*H63,2) -> 0 | M63: =L63*(1+$M$6) -> 0
A64: 7.6 | B64: 17.02.120 | C64: Emboço comum | D64: M2 | E64: 4.32 | F64: =VLOOKUP(B64,#REF!,4,0) -> #REF! | G64: =VLOOKUP(B64,#REF!,5,0) -> #REF! | I64: =F64+G64 -> #REF! | J64: =ROUND(E64*F64,2) -> #REF! | K64: =ROUND(E64*G64,2) -> #REF! | L64: =ROUND(E64*H64,2) -> 0 | M64: =L64*(1+$M$6) -> 0
A65: 7.7 | B65: 17.02.220 | C65: Reboco | D65: M2 | E65: 4.32 | F65: =VLOOKUP(B65,#REF!,4,0) -> #REF! | G65: =VLOOKUP(B65,#REF!,5,0) -> #REF! | I65: =F65+G65 -> #REF! | J65: =ROUND(E65*F65,2) -> #REF! | K65: =ROUND(E65*G65,2) -> #REF! | L65: =ROUND(E65*H65,2) -> 0 | M65: =L65*(1+$M$6) -> 0
A66: 7.8 | B66: 33.10.020 | C66: Tinta látex em massa, inclusive preparo | D66: M2 | E66: 290.3254 | F66: =VLOOKUP(B66,#REF!,4,0) -> #REF! | G66: =VLOOKUP(B66,#REF!,5,0) -> #REF! | I66: =F66+G66 -> #REF! | J66: =ROUND(E66*F66,2) -> #REF! | K66: =ROUND(E66*G66,2) -> #REF! | L66: =ROUND(E66*H66,2) -> 0 | M66: =L66*(1+$M$6) -> 0
A68: 8 | C68: ESQUADRIAS - PORTAS E JANELAS | J68: =SUM(J69:J71) -> #REF! | K68: =SUM(K69:K71) -> #REF! | L68: =SUM(L69:L73) -> 0 | M68: =SUM(M69:M73) -> 0
A69: 8.1 | B69: 23.01.050 | C69: Caixilho em madeira maxim-ar | D69: M2 | E69: 13.2 | F69: =VLOOKUP(B69,#REF!,4,0) -> #REF! | G69: =VLOOKUP(B69,#REF!,5,0) -> #REF! | I69: =F69+G69 -> #REF! | J69: =ROUND(E69*F69,2) -> #REF! | K69: =ROUND(E69*G69,2) -> #REF! | L69: =ROUND(E69*H69,2) -> 0 | M69: =L69*(1+$M$6) -> 0
A70: 8.2 | B70: 26.01.230 | C70: Vidro fantasia de 3/4 mm | D70: M2 | E70: 13.2 | F70: =VLOOKUP(B70,#REF!,4,0) -> #REF! | G70: =VLOOKUP(B70,#REF!,5,0) -> #REF! | I70: =F70+G70 -> #REF! | J70: =ROUND(E70*F70,2) -> #REF! | K70: =ROUND(E70*G70,2) -> #REF! | L70: =ROUND(E70*H70,2) -> 0 | M70: =L70*(1+$M$6) -> 0
A71: 8.3 | B71: 23.02.050 | C71: Porta macho e fêmea com batente de madeira - 90 x 210 cm | D71: UN | E71: 6 | F71: =VLOOKUP(B71,#REF!,4,0) -> #REF! | G71: =VLOOKUP(B71,#REF!,5,0) -> #REF! | I71: =F71+G71 -> #REF! | J71: =ROUND(E71*F71,2) -> #REF! | K71: =ROUND(E71*G71,2) -> #REF! | L71: =ROUND(E71*H71,2) -> 0 | M71: =L71*(1+$M$6) -> 0
A72: 8.4 | B72: 33.12.011 | C72: Esmalte à base de água em madeira, inclusive preparo | D72: M2 | E72: 25.2 | F72: =VLOOKUP(B72,#REF!,4,0) -> #REF! | G72: =VLOOKUP(B72,#REF!,5,0) -> #REF! | I72: =F72+G72 -> #REF! | J72: =ROUND(E72*F72,2) -> #REF! | K72: =ROUND(E72*G72,2) -> #REF! | L72: =ROUND(E72*H72,2) -> 0 | M72: =L72*(1+$M$6) -> 0
A73: 8.5 | B73: 23.09.020 | C73: Porta lisa com batente madeira - 60 x 210 cm | D73: UN | E73: 4 | F73: =VLOOKUP(B73,#REF!,4,0) -> #REF! | G73: =VLOOKUP(B73,#REF!,5,0) -> #REF! | I73: =F73+G73 -> #REF! | J73: =ROUND(E73*F73,2) -> #REF! | K73: =ROUND(E73*G73,2) -> #REF! | L73: =ROUND(E73*H73,2) -> 0 | M73: =L73*(1+$M$6) -> 0
A75: 9 | C75: GUARDA CORPO E CORRIMÃO | J75: =SUM(J76:J82) -> #REF! | K75: =SUM(K76:K82) -> #REF! | L75: =SUM(L76:L84) -> 0 | M75: =SUM(M76:M84) -> 0
A76: 9.1 | B76: 02.10.050 | C76: Locação para muros, cercas e alambrados | D76: M | E76: 93.106 | F76: =VLOOKUP(B76,#REF!,4,0) -> #REF! | G76: =VLOOKUP(B76,#REF!,5,0) -> #REF! | I76: =F76+G76 -> #REF! | J76: =ROUND(E76*F76,2) -> #REF! | K76: =ROUND(E76*G76,2) -> #REF! | L76: =ROUND(E76*H76,2) -> 0 | M76: =L76*(1+$M$6) -> 0
A77: 9.2 | B77: 09.02.040 | C77: Forma plana em compensado para estrutura aparente | D77: M2 | E77: 10.8 | F77: =VLOOKUP(B77,#REF!,4,0) -> #REF! | G77: =VLOOKUP(B77,#REF!,5,0) -> #REF! | I77: =F77+G77 -> #REF! | J77: =ROUND(E77*F77,2) -> #REF! | K77: =ROUND(E77*G77,2) -> #REF! | L77: =ROUND(E77*H77,2) -> 0 | M77: =L77*(1+$M$6) -> 0
A78: 9.3 | B78: 10.01.040 | C78: Armadura em barra de aço CA-50 (A ou B) fyk = 500 MPa | D78: KG | E78: 11.15691 | F78: =VLOOKUP(B78,#REF!,4,0) -> #REF! | G78: =VLOOKUP(B78,#REF!,5,0) -> #REF! | I78: =F78+G78 -> #REF! | J78: =ROUND(E78*F78,2) -> #REF! | K78: =ROUND(E78*G78,2) -> #REF! | L78: =ROUND(E78*H78,2) -> 0 | M78: =L78*(1+$M$6) -> 0
A79: 9.4 | B79: 01.23.056 | C79: Tratamento de armadura com produto anticorrosivo a base de zinco | D79: M2 | E79: 2.77 | F79: =VLOOKUP(B79,#REF!,4,0) -> #REF! | G79: =VLOOKUP(B79,#REF!,5,0) -> #REF! | I79: =F79+G79 -> #REF! | J79: =ROUND(E79*F79,2) -> #REF! | K79: =ROUND(E79*G79,2) -> #REF! | L79: =ROUND(E79*H79,2) -> 0 | M79: =L79*(1+$M$6) -> 0
A80: 9.5 | B80: 11.04.060 | C80: Concreto não estrutural executado no local, mínimo 300 kg cimento / m³ | D80: M3 | E80: 0.435 | F80: =VLOOKUP(B80,#REF!,4,0) -> #REF! | G80: =VLOOKUP(B80,#REF!,5,0) -> #REF! | I80: =F80+G80 -> #REF! | J80: =ROUND(E80*F80,2) -> #REF! | K80: =ROUND(E80*G80,2) -> #REF! | L80: =ROUND(E80*H80,2) -> 0 | M80: =L80*(1+$M$6) -> 0
A81: 9.6 | B81: 11.16.060 | C81: Lançamento e adensamento de concreto ou massa em estrutura | D81: M3 | E81: 0.435 | F81: =VLOOKUP(B81,#REF!,4,0) -> #REF! | G81: =VLOOKUP(B81,#REF!,5,0) -> #REF! | I81: =F81+G81 -> #REF! | J81: =ROUND(E81*F81,2) -> #REF! | K81: =ROUND(E81*G81,2) -> #REF! | L81: =ROUND(E81*H81,2) -> 0 | M81: =L81*(1+$M$6) -> 0
A82: 9.7 | B82: 15.03.150 | C82: Fornecimento e montagem de estrutura metálica em perfil metalon, sem pintura | D82: KG | E82: 609.79 | F82: =VLOOKUP(B82,#REF!,4,0) -> #REF! | G82: =VLOOKUP(B82,#REF!,5,0) -> #REF! | I82: =F82+G82 -> #REF! | J82: =ROUND(E82*F82,2) -> #REF! | K82: =ROUND(E82*G82,2) -> #REF! | L82: =ROUND(E82*H82,2) -> 0 | M82: =L82*(1+$M$6) -> 0
A83: 9.8 | B83: 33.07.140 | C83: Pintura com esmalte alquídico em estrutura metálica | D83: KG | E83: 609.79 | F83: =VLOOKUP(B83,#REF!,4,0) -> #REF! | G83: =VLOOKUP(B83,#REF!,5,0) -> #REF! | I83: =F83+G83 -> #REF! | J83: =ROUND(E83*F83,2) -> #REF! | K83: =ROUND(E83*G83,2) -> #REF! | L83: =ROUND(E83*H83,2) -> 0 | M83: =L83*(1+$M$6) -> 0
A84: 9.9 | B84: 24.08.020 | C84: Corrimão duplo em tubo de aço inoxidável escovado, com diâmetro de 1 1/2´ e montantes com diâmetro de 2´ | D84: M | E84: 59.434 | F84: =VLOOKUP(B84,#REF!,4,0) -> #REF! | G84: =VLOOKUP(B84,#REF!,5,0) -> #REF! | I84: =F84+G84 -> #REF! | J84: =ROUND(E84*F84,2) -> #REF! | K84: =ROUND(E84*G84,2) -> #REF! | L84: =ROUND(E84*H84,2) -> 0 | M84: =L84*(1+$M$6) -> 0
A86: 10 | C86: PISO ARTICULADO | J86: =SUM(J87:J87) -> #REF! | K86: =SUM(K87:K87) -> #REF! | L86: =SUM(L87:L88) -> 0 | M86: =SUM(M87:M88) -> 0
A87: 10.1 | B87: 04.40.050 | C87: Retirada manual de paralelepípedo ou lajota de concreto, inclusive limpeza, carregamento, transporte até 1 quilômetro e descarregamento | D87: M2 | E87: 132.7119 | F87: =VLOOKUP(B87,#REF!,4,0) -> #REF! | G87: =VLOOKUP(B87,#REF!,5,0) -> #REF! | I87: =F87+G87 -> #REF! | J87: =ROUND(E87*F87,2) -> #REF! | K87: =ROUND(E87*G87,2) -> #REF! | L87: =ROUND(E87*H87,2) -> 0 | M87: =L87*(1+$M$6) -> 0
A88: 10.2 | B88: 54.04.340 | C88: Pavimentação em lajota de concreto 35 MPa, espessura 6 cm, cor natural, tipos: raquete, retangular, sextavado e 16 faces, com rejunte em areia | D88: M2 | E88: 132.7119 | F88: =VLOOKUP(B88,#REF!,4,0) -> #REF! | G88: =VLOOKUP(B88,#REF!,5,0) -> #REF! | I88: =F88+G88 -> #REF! | J88: =ROUND(E88*F88,2) -> #REF! | K88: =ROUND(E88*G88,2) -> #REF! | L88: =ROUND(E88*H88,2) -> 0 | M88: =L88*(1+$M$6) -> 0
A90: 11 | C90: INSTALAÇÃO HIDRÁULICA | J90: =SUM(J91:J91) -> #REF! | K90: =SUM(K91:K91) -> #REF! | L90: =SUM(L91:L101) -> 0 | M90: =SUM(M91:M101) -> 0
A91: 11.1 | B91: 46.01.020 | C91: Tubo de PVC rígido soldável marrom, DN= 25 mm, (3/4´), inclusive conexões | D91: M | E91: 12 | F91: =VLOOKUP(B91,#REF!,4,0) -> #REF! | G91: =VLOOKUP(B91,#REF!,5,0) -> #REF! | I91: =F91+G91 -> #REF! | J91: =ROUND(E91*F91,2) -> #REF! | K91: =ROUND(E91*G91,2) -> #REF! | L91: =ROUND(E91*H91,2) -> 0 | M91: =L91*(1+$M$6) -> 0
A92: 11.2 | B92: 44.01.310 | C92: Tanque de louça com coluna de 30 litros | D92: UN | E92: 1 | F92: =VLOOKUP(B92,#REF!,4,0) -> #REF! | G92: =VLOOKUP(B92,#REF!,5,0) -> #REF! | I92: =F92+G92 -> #REF! | J92: =ROUND(E92*F92,2) -> #REF! | K92: =ROUND(E92*G92,2) -> #REF! | L92: =ROUND(E92*H92,2) -> 0 | M92: =L92*(1+$M$6) -> 0
A93: 11.3 | B93: 44.03.450 | C93: Torneira longa sem rosca para uso geral, em latão fundido cromado | D93: UN | E93: 2 | F93: =VLOOKUP(B93,#REF!,4,0) -> #REF! | G93: =VLOOKUP(B93,#REF!,5,0) -> #REF! | I93: =F93+G93 -> #REF! | J93: =ROUND(E93*F93,2) -> #REF! | K93: =ROUND(E93*G93,2) -> #REF! | L93: =ROUND(E93*H93,2) -> 0 | M93: =L93*(1+$M$6) -> 0
A94: 11.4 | B94: 44.20.240 | C94: Sifão plástico com copo, rígido, de 1´ x 1 1/2´ | D94: UN | E94: 2 | F94: =VLOOKUP(B94,#REF!,4,0) -> #REF! | G94: =VLOOKUP(B94,#REF!,5,0) -> #REF! | I94: =F94+G94 -> #REF! | J94: =ROUND(E94*F94,2) -> #REF! | K94: =ROUND(E94*G94,2) -> #REF! | L94: =ROUND(E94*H94,2) -> 0 | M94: =L94*(1+$M$6) -> 0
A95: 11.5 | B95: 44.20.640 | C95: Válvula de metal cromado de 1 1/2´ | D95: UN | E95: 2 | F95: =VLOOKUP(B95,#REF!,4,0) -> #REF! | G95: =VLOOKUP(B95,#REF!,5,0) -> #REF! | I95: =F95+G95 -> #REF! | J95: =ROUND(E95*F95,2) -> #REF! | K95: =ROUND(E95*G95,2) -> #REF! | L95: =ROUND(E95*H95,2) -> 0 | M95: =L95*(1+$M$6) -> 0
A96: 11.6 | B96: 44.01.270 | C96: Cuba de louça de embutir oval | D96: UN | E96: 1 | F96: =VLOOKUP(B96,#REF!,4,0) -> #REF! | G96: =VLOOKUP(B96,#REF!,5,0) -> #REF! | I96: =F96+G96 -> #REF! | J96: =ROUND(E96*F96,2) -> #REF! | K96: =ROUND(E96*G96,2) -> #REF! | L96: =ROUND(E96*H96,2) -> 0 | M96: =L96*(1+$M$6) -> 0
A97: 11.7 | B97: 44.02.062 | C97: Tampo/bancada em granito, com frontão, espessura de 2 cm, acabamento polido | D97: M2 | E97: 0.72 | F97: =VLOOKUP(B97,#REF!,4,0) -> #REF! | G97: =VLOOKUP(B97,#REF!,5,0) -> #REF! | I97: =F97+G97 -> #REF! | J97: =ROUND(E97*F97,2) -> #REF! | K97: =ROUND(E97*G97,2) -> #REF! | L97: =ROUND(E97*H97,2) -> 0 | M97: =L97*(1+$M$6) -> 0
A98: 11.8 | B98: 44.03.380 | C98: Torneira curta com rosca para uso geral, em latão fundido sem acabamento, DN= 3/4´ | D98: UN | E98: 2 | F98: =VLOOKUP(B98,#REF!,4,0) -> #REF! | G98: =VLOOKUP(B98,#REF!,5,0) -> #REF! | I98: =F98+G98 -> #REF! | J98: =ROUND(E98*F98,2) -> #REF! | K98: =ROUND(E98*G98,2) -> #REF! | L98: =ROUND(E98*H98,2) -> 0 | M98: =L98*(1+$M$6) -> 0
A99: 11.9 | B99: 46.02.010 | C99: Tubo de PVC rígido branco, pontas lisas, soldável, linha esgoto série normal, DN= 40 mm, inclusive conexões | D99: M | E99: 6 | F99: =VLOOKUP(B99,#REF!,4,0) -> #REF! | G99: =VLOOKUP(B99,#REF!,5,0) -> #REF! | I99: =F99+G99 -> #REF! | J99: =ROUND(E99*F99,2) -> #REF! | K99: =ROUND(E99*G99,2) -> #REF! | L99: =ROUND(E99*H99,2) -> 0 | M99: =L99*(1+$M$6) -> 0
A100: 11.10 | B100: 46.02.070 | C100: Tubo de PVC rígido branco PxB com virola e anel de borracha, linha esgoto série normal, DN= 100 mm, inclusive conexões | D100: M | E100: 12 | F100: =VLOOKUP(B100,#REF!,4,0) -> #REF! | G100: =VLOOKUP(B100,#REF!,5,0) -> #REF! | I100: =F100+G100 -> #REF! | J100: =ROUND(E100*F100,2) -> #REF! | K100: =ROUND(E100*G100,2) -> #REF! | L100: =ROUND(E100*H100,2) -> 0 | M100: =L100*(1+$M$6) -> 0
A101: 11.11 | B101: 49.03.022 | C101: Caixa de gordura premoldada com tampa - capacidade 18 litros | D101: UN | E101: 1 | F101: =VLOOKUP(B101,#REF!,4,0) -> #REF! | G101: =VLOOKUP(B101,#REF!,5,0) -> #REF! | I101: =F101+G101 -> #REF! | J101: =ROUND(E101*F101,2) -> #REF! | K101: =ROUND(E101*G101,2) -> #REF! | L101: =ROUND(E101*H101,2) -> 0 | M101: =L101*(1+$M$6) -> 0
A103: 12 | C103: INSTALAÇÃO ELÉTRICA | J103: =SUM(J104:J110) -> #REF! | K103: =SUM(K104:K110) -> #REF! | L103: =SUM(L104:L110) -> 0 | M103: =SUM(M104:M110) -> 0
A104: 12.1 | B104: 01.23.070 | C104: Demarcação de área com disco de corte diamantado | D104: M | E104: 20 | F104: =VLOOKUP(B104,#REF!,4,0) -> #REF! | G104: =VLOOKUP(B104,#REF!,5,0) -> #REF! | I104: =F104+G104 -> #REF! | J104: =ROUND(E104*F104,2) -> #REF! | K104: =ROUND(E104*G104,2) -> #REF! | L104: =ROUND(E104*H104,2) -> 0 | M104: =L104*(1+$M$6) -> 0
A105: 12.2 | B105: 38.13.016 | C105: Eletroduto corrugado em polietileno de alta densidade, DN= 40 mm, com acessórios | D105: M | E105: 10 | F105: =VLOOKUP(B105,#REF!,4,0) -> #REF! | G105: =VLOOKUP(B105,#REF!,5,0) -> #REF! | I105: =F105+G105 -> #REF! | J105: =ROUND(E105*F105,2) -> #REF! | K105: =ROUND(E105*G105,2) -> #REF! | L105: =ROUND(E105*H105,2) -> 0 | M105: =L105*(1+$M$6) -> 0
A106: 12.3 | B106: 17.02.120 | C106: Emboço comum | D106: M2 | E106: 1 | F106: =VLOOKUP(B106,#REF!,4,0) -> #REF! | G106: =VLOOKUP(B106,#REF!,5,0) -> #REF! | I106: =F106+G106 -> #REF! | J106: =ROUND(E106*F106,2) -> #REF! | K106: =ROUND(E106*G106,2) -> #REF! | L106: =ROUND(E106*H106,2) -> 0 | M106: =L106*(1+$M$6) -> 0
A107: 12.4 | B107: 39.02.010 | C107: Cabo de cobre de 1,5 mm², isolamento 750 V - isolação em PVC 70°C | D107: M | E107: 30 | F107: =VLOOKUP(B107,#REF!,4,0) -> #REF! | G107: =VLOOKUP(B107,#REF!,5,0) -> #REF! | I107: =F107+G107 -> #REF! | J107: =ROUND(E107*F107,2) -> #REF! | K107: =ROUND(E107*G107,2) -> #REF! | L107: =ROUND(E107*H107,2) -> 0 | M107: =L107*(1+$M$6) -> 0
A108: 12.5 | B108: 39.02.016 | C108: Cabo de cobre de 2,5 mm², isolamento 750 V - isolação em PVC 70°C | D108: M | E108: 30 | F108: =VLOOKUP(B108,#REF!,4,0) -> #REF! | G108: =VLOOKUP(B108,#REF!,5,0) -> #REF! | I108: =F108+G108 -> #REF! | J108: =ROUND(E108*F108,2) -> #REF! | K108: =ROUND(E108*G108,2) -> #REF! | L108: =ROUND(E108*H108,2) -> 0 | M108: =L108*(1+$M$6) -> 0
A109: 12.6 | B109: 40.04.450 | C109: Tomada 2P+T de 10 A - 250 V, completa | D109: CJ | E109: 1 | F109: =VLOOKUP(B109,#REF!,4,0) -> #REF! | G109: =VLOOKUP(B109,#REF!,5,0) -> #REF! | I109: =F109+G109 -> #REF! | J109: =ROUND(E109*F109,2) -> #REF! | K109: =ROUND(E109*G109,2) -> #REF! | L109: =ROUND(E109*H109,2) -> 0 | M109: =L109*(1+$M$6) -> 0
A110: 12.7 | B110: 40.05.020 | C110: Interruptor com 1 tecla simples e placa | D110: CJ | E110: 1 | F110: =VLOOKUP(B110,#REF!,4,0) -> #REF! | G110: =VLOOKUP(B110,#REF!,5,0) -> #REF! | I110: =F110+G110 -> #REF! | J110: =ROUND(E110*F110,2) -> #REF! | K110: =ROUND(E110*G110,2) -> #REF! | L110: =ROUND(E110*H110,2) -> 0 | M110: =L110*(1+$M$6) -> 0
A112: 13 | C112: PERGOLADO | J112: =SUM(J113:J124) -> #REF! | K112: =SUM(K113:K124) -> #REF! | L112: =SUM(L113:L124) -> 0 | M112: =SUM(M113:M124) -> 0
A113: 13.1 | B113: 02.10.050 | C113: Locação para muros, cercas e alambrados | D113: M | E113: 19.65 | F113: =VLOOKUP(B113,#REF!,4,0) -> #REF! | G113: =VLOOKUP(B113,#REF!,5,0) -> #REF! | I113: =F113+G113 -> #REF! | J113: =ROUND(E113*F113,2) -> #REF! | K113: =ROUND(E113*G113,2) -> #REF! | L113: =ROUND(E113*H113,2) -> 0 | M113: =L113*(1+$M$6) -> 0
...

Sheet CRONOGRAMA
A1: =ORÇAMENTO!$A$1 -> TIMBRE
A3: =ORÇAMENTO!$A$3 -> OBJETO: REFORMA MELHOR IDADE
A4: =ORÇAMENTO!$A$4 -> BOLETIM REFERENCIAL DE CUSTOS - TABELA DE SERVIÇOS - Versão 200 (COM DESONERAÇÃO) - DATA BASE: JAN/2026
A5: CRONOGRAMA FÍSICO
A6: ITEM | B6: ATIVIDADE | C6: TOTAIS | D6: MÊS 1 | E6: MÊS 2 | F6: MÊS 3 | G6: MÊS 4 | H6: MÊS 5 | I6: MÊS 6
A7: 1 | B7: =VLOOKUP(A7,ORÇAMENTO!$A$7:$M$142,3,0) -> SERVIÇOS PRELIMINARAES | C7: =VLOOKUP(A7,ORÇAMENTO!$A$7:$M$142,13,0) -> 0 | D7: =D8+D10+D12+D14 -> 0 | E7: =E8+E10+E12+E14 -> 0 | F7: =F8+F10+F12+F14 -> 0 | G7: =G8+G10+G12+G14 -> 0 | H7: =H8+H10+H12+H14 -> 0 | I7: =I8+I10+I12+I14 -> 0
A8: 1.1 | B8: =VLOOKUP(A8,ORÇAMENTO!$A$7:$M$142,3,0) -> Placa de identificação para obra | C8: =VLOOKUP(A8,ORÇAMENTO!$A$7:$M$142,13,0) -> 0 | D8: =$C8*D9 -> 0 | E8: =$C8*E9 -> 0 | F8: =$C8*F9 -> 0 | G8: =$C8*G9 -> 0 | H8: =$C8*H9 -> 0 | I8: =$C8*I9 -> 0
A10: 1.2 | B10: =VLOOKUP(A10,ORÇAMENTO!$A$7:$M$142,3,0) -> Demolição manual de concreto simples | C10: =VLOOKUP(A10,ORÇAMENTO!$A$7:$M$142,13,0) -> 0 | D10: =$C10*D11 -> 0 | E10: =$C10*E11 -> 0 | F10: =$C10*F11 -> 0 | G10: =$C10*G11 -> 0 | H10: =$C10*H11 -> 0 | I10: =$C10*I11 -> 0
A12: 1.3 | B12: =VLOOKUP(A12,ORÇAMENTO!$A$7:$M$142,3,0) -> Taxa de mobilização e desmobilização de equipamentos para execução de levantamento topográfico | C12: =VLOOKUP(A12,ORÇAMENTO!$A$7:$M$142,13,0) -> 0 | D12: =$C12*D13 -> 0 | E12: =$C12*E13 -> 0 | F12: =$C12*F13 -> 0 | G12: =$C12*G13 -> 0 | H12: =$C12*H13 -> 0 | I12: =$C12*I13 -> 0
A14: 1.4 | B14: =VLOOKUP(A14,ORÇAMENTO!$A$7:$M$142,3,0) -> Levantamento planialtimétrico cadastral com áreas ocupadas predominantemente por comunidades - área até 20.000 m² (mínimo de 3.500 m²) | C14: =VLOOKUP(A14,ORÇAMENTO!$A$7:$M$142,13,0) -> 0 | D14: =$C14*D15 -> 0 | E14: =$C14*E15 -> 0 | F14: =$C14*F15 -> 0 | G14: =$C14*G15 -> 0 | H14: =$C14*H15 -> 0 | I14: =$C14*I15 -> 0
A16: 2 | B16: =VLOOKUP(A16,ORÇAMENTO!$A$7:$M$142,3,0) -> MURETA | C16: =VLOOKUP(A16,ORÇAMENTO!$A$7:$M$142,13,0) -> 0 | D16: =D17+D19+D21+D23+D25 -> 0 | E16: =SUM(E17,E19,E21,E23,E25) -> 0 | F16: =SUM(F17,F19,F21,F23,F25) -> 0 | G16: =SUM(G17,G19,G21,G23,G25) -> 0 | H16: =SUM(H17,H19,H21,H23,H25) -> 0 | I16: =SUM(I17,I19,I21,I23,I25) -> 0
A17: 2.1 | B17: =VLOOKUP(A17,ORÇAMENTO!$A$7:$M$142,3,0) -> Locação para muros, cercas e alambrados | C17: =VLOOKUP(A17,ORÇAMENTO!$A$7:$M$142,13,0) -> 0 | D17: =$C17*D18 -> 0 | E17: =$C17*E18 -> 0 | F17: =$C17*F18 -> 0 | G17: =$C17*G18 -> 0 | H17: =$C17*H18 -> 0 | I17: =$C17*I18 -> 0
A19: 2.2 | B19: =VLOOKUP(A19,ORÇAMENTO!$A$7:$M$142,3,0) -> Forma em madeira comum para fundação | C19: =VLOOKUP(A19,ORÇAMENTO!$A$7:$M$142,13,0) -> 0 | D19: =$C19*D20 -> 0 | E19: =$C19*E20 -> 0 | F19: =$C19*F20 -> 0 | G19: =$C19*G20 -> 0 | H19: =$C19*H20 -> 0 | I19: =$C19*I20 -> 0
A21: 2.3 | B21: =VLOOKUP(A21,ORÇAMENTO!$A$7:$M$142,3,0) -> Armadura em barra de aço CA-50 (A ou B) fyk = 500 MPa | C21: =VLOOKUP(A21,ORÇAMENTO!$A$7:$M$142,13,0) -> 0 | D21: =$C21*D22 -> 0 | E21: =$C21*E22 -> 0 | F21: =$C21*F22 -> 0 | G21: =$C21*G22 -> 0 | H21: =$C21*H22 -> 0 | I21: =$C21*I22 -> 0
A23: 2.4 | B23: =VLOOKUP(A23,ORÇAMENTO!$A$7:$M$142,3,0) -> Concreto não estrutural executado no local, mínimo 300 kg cimento / m³ | C23: =VLOOKUP(A23,ORÇAMENTO!$A$7:$M$142,13,0) -> 0 | D23: =$C23*D24 -> 0 | E23: =$C23*E24 -> 0 | F23: =$C23*F24 -> 0 | G23: =$C23*G24 -> 0 | H23: =$C23*H24 -> 0 | I23: =$C23*I24 -> 0
A25: 2.5 | B25: =VLOOKUP(A25,ORÇAMENTO!$A$7:$M$142,3,0) -> Lançamento e adensamento de concreto ou massa em estrutura | C25: =VLOOKUP(A25,ORÇAMENTO!$A$7:$M$142,13,0) -> 0 | D25: =$C25*D26 -> 0 | E25: =$C25*E26 -> 0 | F25: =$C25*F26 -> 0 | G25: =$C25*G26 -> 0 | H25: =$C25*H26 -> 0 | I25: =$C25*I26 -> 0
A27: 3 | B27: =VLOOKUP(A27,ORÇAMENTO!$A$7:$M$142,3,0) -> RAMPAS E PATAMARES | C27: =VLOOKUP(A27,ORÇAMENTO!$A$7:$M$142,13,0) -> 0 | D27: =D28+D30+D32+D34+D36+D38+D40+D42 -> 0 | E27: =E28+E30+E32+E34+E36+E38+E40+E42 -> 0 | F27: =F28+F30+F32+F34+F36+F38+F40+F42 -> 0 | G27: =G28+G30+G32+G34+G36+G38+G40+G42 -> 0 | H27: =H28+H30+H32+H34+H36+H38+H40+H42 -> 0 | I27: =I28+I30+I32+I34+I36+I38+I40+I42 -> 0
A28: 3.1 | B28: =VLOOKUP(A28,ORÇAMENTO!$A$7:$M$142,3,0) -> Locação de vias, calçadas, tanques e lagoas | C28: =VLOOKUP(A28,ORÇAMENTO!$A$7:$M$142,13,0) -> 0 | D28: =$C28*D29 -> 0 | E28: =$C28*E29 -> 0 | F28: =$C28*F29 -> 0 | G28: =$C28*G29 -> 0 | H28: =$C28*H29 -> 0 | I28: =$C28*I29 -> 0
A30: 3.2 | B30: =VLOOKUP(A30,ORÇAMENTO!$A$7:$M$142,3,0) -> Aterro manual apiloado de área interna com maço de 30 kg | C30: =VLOOKUP(A30,ORÇAMENTO!$A$7:$M$142,13,0) -> 0 | D30: =$C30*D31 -> 0 | E30: =$C30*E31 -> 0 | F30: =$C30*F31 -> 0 | G30: =$C30*G31 -> 0 | H30: =$C30*H31 -> 0 | I30: =$C30*I31 -> 0
A32: 3.3 | B32: =VLOOKUP(A32,ORÇAMENTO!$A$7:$M$142,3,0) -> Lastro de pedra britada | C32: =VLOOKUP(A32,ORÇAMENTO!$A$7:$M$142,13,0) -> 0 | D32: =$C32*D33 -> 0 | E32: =$C32*E33 -> 0 | F32: =$C32*F33 -> 0 | G32: =$C32*G33 -> 0 | H32: =$C32*H33 -> 0 | I32: =$C32*I33 -> 0
A34: 3.4 | B34: =VLOOKUP(A34,ORÇAMENTO!$A$7:$M$142,3,0) -> Armadura em tela soldada de aço | C34: =VLOOKUP(A34,ORÇAMENTO!$A$7:$M$142,13,0) -> 0 | D34: =$C34*D35 -> 0 | E34: =$C34*E35 -> 0 | F34: =$C34*F35 -> 0 | G34: =$C34*G35 -> 0 | H34: =$C34*H35 -> 0 | I34: =$C34*I35 -> 0
A36: 3.5 | B36: =VLOOKUP(A36,ORÇAMENTO!$A$7:$M$142,3,0) -> Concreto não estrutural executado no local, mínimo 300 kg cimento / m³ | C36: =VLOOKUP(A36,ORÇAMENTO!$A$7:$M$142,13,0) -> 0 | D36: =$C36*D37 -> 0 | E36: =$C36*E37 -> 0 | F36: =$C36*F37 -> 0 | G36: =$C36*G37 -> 0 | H36: =$C36*H37 -> 0 | I36: =$C36*I37 -> 0
A38: 3.6 | B38: =VLOOKUP(A38,ORÇAMENTO!$A$7:$M$142,3,0) -> Lançamento e adensamento de concreto ou massa em estrutura | C38: =VLOOKUP(A38,ORÇAMENTO!$A$7:$M$142,13,0) -> 0 | D38: =$C38*D39 -> 0 | E38: =$C38*E39 -> 0 | F38: =$C38*F39 -> 0 | G38: =$C38*G39 -> 0 | H38: =$C38*H39 -> 0 | I38: =$C38*I39 -> 0
A40: 3.7 | B40: =VLOOKUP(A40,ORÇAMENTO!$A$7:$M$142,3,0) -> Regularização de piso com nata de cimento | C40: =VLOOKUP(A40,ORÇAMENTO!$A$7:$M$142,13,0) -> 0 | D40: =$C40*D41 -> 0 | E40: =$C40*E41 -> 0 | F40: =$C40*F41 -> 0 | G40: =$C40*G41 -> 0 | H40: =$C40*H41 -> 0 | I40: =$C40*I41 -> 0
A42: 3.8 | B42: =VLOOKUP(A42,ORÇAMENTO!$A$7:$M$142,3,0) -> Acrílico para quadras e pisos cimentados | C42: =VLOOKUP(A42,ORÇAMENTO!$A$7:$M$142,13,0) -> 0 | D42: =$C42*D43 -> 0 | E42: =$C42*E43 -> 0 | F42: =$C42*F43 -> 0 | G42: =$C42*G43 -> 0 | H42: =$C42*H43 -> 0 | I42: =$C42*I43 -> 0
A44: 4 | B44: =VLOOKUP(A44,ORÇAMENTO!$A$7:$M$142,3,0) -> ARQUIBANCADA | C44: =VLOOKUP(A44,ORÇAMENTO!$A$7:$M$142,13,0) -> 0 | D44: =D45+D47+D49+D51+D53+D55 -> 0 | E44: =E45+E47+E49+E51+E53+E55 -> 0 | F44: =F45+F47+F49+F51+F53+F55 -> 0 | G44: =G45+G47+G49+G51+G53+G55 -> 0 | H44: =H45+H47+H49+H51+H53+H55 -> 0 | I44: =I45+I47+I49+I51+I53+I55 -> 0
A45: 4.1 | B45: =VLOOKUP(A45,ORÇAMENTO!$A$7:$M$142,3,0) -> Alvenaria de embasamento em tijolo maciço comum | C45: =VLOOKUP(A45,ORÇAMENTO!$A$7:$M$142,13,0) -> 0 | D45: =$C45*D46 -> 0 | E45: =$C45*E46 -> 0 | F45: =$C45*F46 -> 0 | G45: =$C45*G46 -> 0 | H45: =$C45*H46 -> 0 | I45: =$C45*I46 -> 0
A47: 4.2 | B47: =VLOOKUP(A47,ORÇAMENTO!$A$7:$M$142,3,0) -> Chapisco | C47: =VLOOKUP(A47,ORÇAMENTO!$A$7:$M$142,13,0) -> 0 | D47: =$C47*D48 -> 0 | E47: =$C47*E48 -> 0 | F47: =$C47*F48 -> 0 | G47: =$C47*G48 -> 0 | H47: =$C47*H48 -> 0 | I47: =$C47*I48 -> 0
A49: 4.3 | B49: =VLOOKUP(A49,ORÇAMENTO!$A$7:$M$142,3,0) -> Emboço comum | C49: =VLOOKUP(A49,ORÇAMENTO!$A$7:$M$142,13,0) -> 0 | D49: =$C49*D50 -> 0 | E49: =$C49*E50 -> 0 | F49: =$C49*F50 -> 0 | G49: =$C49*G50 -> 0 | H49: =$C49*H50 -> 0 | I49: =$C49*I50 -> 0
A51: 4.4 | B51: =VLOOKUP(A51,ORÇAMENTO!$A$7:$M$142,3,0) -> Reboco | C51: =VLOOKUP(A51,ORÇAMENTO!$A$7:$M$142,13,0) -> 0 | D51: =$C51*D52 -> 0 | E51: =$C51*E52 -> 0 | F51: =$C51*F52 -> 0 | G51: =$C51*G52 -> 0 | H51: =$C51*H52 -> 0 | I51: =$C51*I52 -> 0
A53: 4.5 | B53: =VLOOKUP(A53,ORÇAMENTO!$A$7:$M$142,3,0) -> Limpeza de superfície com hidrojateamento | C53: =VLOOKUP(A53,ORÇAMENTO!$A$7:$M$142,13,0) -> 0 | D53: =$C53*D54 -> 0 | E53: =$C53*E54 -> 0 | F53: =$C53*F54 -> 0 | G53: =$C53*G54 -> 0 | H53: =$C53*H54 -> 0 | I53: =$C53*I54 -> 0
A55: 4.6 | B55: =VLOOKUP(A55,ORÇAMENTO!$A$7:$M$142,3,0) -> Acrílico para quadras e pisos cimentados | C55: =VLOOKUP(A55,ORÇAMENTO!$A$7:$M$142,13,0) -> 0 | D55: =$C55*D56 -> 0 | E55: =$C55*E56 -> 0 | F55: =$C55*F56 -> 0 | G55: =$C55*G56 -> 0 | H55: =$C55*H56 -> 0 | I55: =$C55*I56 -> 0
A57: 5 | B57: =VLOOKUP(A57,ORÇAMENTO!$A$7:$M$142,3,0) -> ESCADA | C57: =VLOOKUP(A57,ORÇAMENTO!$A$7:$M$142,13,0) -> 0 | D57: =D58+D60+D62+D64+D66+D68+D70+D72+D74 -> 0 | E57: =E58+E60+E62+E64+E66+E68+E70+E72+E74 -> 0 | F57: =F58+F60+F62+F64+F66+F68+F70+F72+F74 -> 0 | G57: =G58+G60+G62+G64+G66+G68+G70+G72+G74 -> 0 | H57: =H58+H60+H62+H64+H66+H68+H70+H72+H74 -> 0 | I57: =I58+I60+I62+I64+I66+I68+I70+I72+I74 -> 0
A58: 5.1 | B58: =VLOOKUP(A58,ORÇAMENTO!$A$7:$M$142,3,0) -> Locação de vias, calçadas, tanques e lagoas | C58: =VLOOKUP(A58,ORÇAMENTO!$A$7:$M$142,13,0) -> 0 | D58: =$C58*D59 -> 0 | E58: =$C58*E59 -> 0 | F58: =$C58*F59 -> 0 | G58: =$C58*G59 -> 0 | H58: =$C58*H59 -> 0 | I58: =$C58*I59 -> 0
A60: 5.2 | B60: =VLOOKUP(A60,ORÇAMENTO!$A$7:$M$142,3,0) -> Demolição manual de concreto simples | C60: =VLOOKUP(A60,ORÇAMENTO!$A$7:$M$142,13,0) -> 0 | D60: =$C60*D61 -> 0 | E60: =$C60*E61 -> 0 | F60: =$C60*F61 -> 0 | G60: =$C60*G61 -> 0 | H60: =$C60*H61 -> 0 | I60: =$C60*I61 -> 0
A62: 5.3 | B62: =VLOOKUP(A62,ORÇAMENTO!$A$7:$M$142,3,0) -> Lastro de pedra britada | C62: =VLOOKUP(A62,ORÇAMENTO!$A$7:$M$142,13,0) -> 0 | D62: =$C62*D63 -> 0 | E62: =$C62*E63 -> 0 | F62: =$C62*F63 -> 0 | G62: =$C62*G63 -> 0 | H62: =$C62*H63 -> 0 | I62: =$C62*I63 -> 0
A64: 5.4 | B64: =VLOOKUP(A64,ORÇAMENTO!$A$7:$M$142,3,0) -> Forma em madeira comum para fundação | C64: =VLOOKUP(A64,ORÇAMENTO!$A$7:$M$142,13,0) -> 0 | D64: =$C64*D65 -> 0 | E64: =$C64*E65 -> 0 | F64: =$C64*F65 -> 0 | G64: =$C64*G65 -> 0 | H64: =$C64*H65 -> 0 | I64: =$C64*I65 -> 0
A66: 5.5 | B66: =VLOOKUP(A66,ORÇAMENTO!$A$7:$M$142,3,0) -> Armadura em tela soldada de aço | C66: =VLOOKUP(A66,ORÇAMENTO!$A$7:$M$142,13,0) -> 0 | D66: =$C66*D67 -> 0 | E66: =$C66*E67 -> 0 | F66: =$C66*F67 -> 0 | G66: =$C66*G67 -> 0 | H66: =$C66*H67 -> 0 | I66: =$C66*I67 -> 0
A68: 5.6 | B68: =VLOOKUP(A68,ORÇAMENTO!$A$7:$M$142,3,0) -> Concreto não estrutural executado no local, mínimo 300 kg cimento / m³ | C68: =VLOOKUP(A68,ORÇAMENTO!$A$7:$M$142,13,0) -> 0 | D68: =$C68*D69 -> 0 | E68: =$C68*E69 -> 0 | F68: =$C68*F69 -> 0 | G68: =$C68*G69 -> 0 | H68: =$C68*H69 -> 0 | I68: =$C68*I69 -> 0
A70: 5.7 | B70: =VLOOKUP(A70,ORÇAMENTO!$A$7:$M$142,3,0) -> Lançamento e adensamento de concreto ou massa em estrutura | C70: =VLOOKUP(A70,ORÇAMENTO!$A$7:$M$142,13,0) -> 0 | D70: =$C70*D71 -> 0 | E70: =$C70*E71 -> 0 | F70: =$C70*F71 -> 0 | G70: =$C70*G71 -> 0 | H70: =$C70*H71 -> 0 | I70: =$C70*I71 -> 0
A72: 5.8 | B72: =VLOOKUP(A72,ORÇAMENTO!$A$7:$M$142,3,0) -> Regularização de piso com nata de cimento | C72: =VLOOKUP(A72,ORÇAMENTO!$A$7:$M$142,13,0) -> 0 | D72: =$C72*D73 -> 0 | E72: =$C72*E73 -> 0 | F72: =$C72*F73 -> 0 | G72: =$C72*G73 -> 0 | H72: =$C72*H73 -> 0 | I72: =$C72*I73 -> 0
A74: 5.9 | B74: =VLOOKUP(A74,ORÇAMENTO!$A$7:$M$142,3,0) -> Acrílico para quadras e pisos cimentados | C74: =VLOOKUP(A74,ORÇAMENTO!$A$7:$M$142,13,0) -> 0 | D74: =$C74*D75 -> 0 | E74: =$C74*E75 -> 0 | F74: =$C74*F75 -> 0 | G74: =$C74*G75 -> 0 | H74: =$C74*H75 -> 0 | I74: =$C74*I75 -> 0
A76: 6 | B76: =VLOOKUP(A76,ORÇAMENTO!$A$7:$M$142,3,0) -> FLOREIRA | C76: =VLOOKUP(A76,ORÇAMENTO!$A$7:$M$142,13,0) -> 0 | D76: =D77+D79+D81+D83+D85+D87+D89 -> 0 | E76: =E77+E79+E81+E83+E85+E87+E89 -> 0 | F76: =F77+F79+F81+F83+F85+F87+F89 -> 0 | G76: =G77+G79+G81+G83+G85+G87+G89 -> 0 | H76: =H77+H79+H81+H83+H85+H87+H89 -> 0 | I76: =I77+I79+I81+I83+I85+I87+I89 -> 0
A77: 6.1 | B77: =VLOOKUP(A77,ORÇAMENTO!$A$7:$M$142,3,0) -> Locação para muros, cercas e alambrados | C77: =VLOOKUP(A77,ORÇAMENTO!$A$7:$M$142,13,0) -> 0 | D77: =$C77*D78 -> 0 | E77: =$C77*E78 -> 0 | F77: =$C77*F78 -> 0 | G77: =$C77*G78 -> 0 | H77: =$C77*H78 -> 0 | I77: =$C77*I78 -> 0
A79: 6.2 | B79: =VLOOKUP(A79,ORÇAMENTO!$A$7:$M$142,3,0) -> Alvenaria de embasamento em tijolo maciço comum | C79: =VLOOKUP(A79,ORÇAMENTO!$A$7:$M$142,13,0) -> 0 | D79: =$C79*D80 -> 0 | E79: =$C79*E80 -> 0 | F79: =$C79*F80 -> 0 | G79: =$C79*G80 -> 0 | H79: =$C79*H80 -> 0 | I79: =$C79*I80 -> 0
A81: 6.3 | B81: =VLOOKUP(A81,ORÇAMENTO!$A$7:$M$142,3,0) -> Alvenaria de bloco de concreto de vedação de 9 cm - classe C | C81: =VLOOKUP(A81,ORÇAMENTO!$A$7:$M$142,13,0) -> 0 | D81: =$C81*D82 -> 0 | E81: =$C81*E82 -> 0 | F81: =$C81*F82 -> 0 | G81: =$C81*G82 -> 0 | H81: =$C81*H82 -> 0 | I81: =$C81*I82 -> 0
A83: 6.4 | B83: =VLOOKUP(A83,ORÇAMENTO!$A$7:$M$142,3,0) -> Chapisco | C83: =VLOOKUP(A83,ORÇAMENTO!$A$7:$M$142,13,0) -> 0 | D83: =$C83*D84 -> 0 | E83: =$C83*E84 -> 0 | F83: =$C83*F84 -> 0 | G83: =$C83*G84 -> 0 | H83: =$C83*H84 -> 0 | I83: =$C83*I84 -> 0
A85: 6.5 | B85: =VLOOKUP(A85,ORÇAMENTO!$A$7:$M$142,3,0) -> Emboço comum | C85: =VLOOKUP(A85,ORÇAMENTO!$A$7:$M$142,13,0) -> 0 | D85: =$C85*D86 -> 0 | E85: =$C85*E86 -> 0 | F85: =$C85*F86 -> 0 | G85: =$C85*G86 -> 0 | H85: =$C85*H86 -> 0 | I85: =$C85*I86 -> 0
A87: 6.6 | B87: =VLOOKUP(A87,ORÇAMENTO!$A$7:$M$142,3,0) -> Reboco | C87: =VLOOKUP(A87,ORÇAMENTO!$A$7:$M$142,13,0) -> 0 | D87: =$C87*D88 -> 0 | E87: =$C87*E88 -> 0 | F87: =$C87*F88 -> 0 | G87: =$C87*G88 -> 0 | H87: =$C87*H88 -> 0 | I87: =$C87*I88 -> 0
A89: 6.7 | B89: =VLOOKUP(A89,ORÇAMENTO!$A$7:$M$142,3,0) -> Tinta látex em massa, inclusive preparo | C89: =VLOOKUP(A89,ORÇAMENTO!$A$7:$M$142,13,0) -> 0 | D89: =$C89*D90 -> 0 | E89: =$C89*E90 -> 0 | F89: =$C89*F90 -> 0 | G89: =$C89*G90 -> 0 | H89: =$C89*H90 -> 0 | I89: =$C89*I90 -> 0
A91: 7 | B91: =VLOOKUP(A91,ORÇAMENTO!$A$7:$M$142,3,0) -> FACHADAS E ELEVAÇÃO | C91: =VLOOKUP(A91,ORÇAMENTO!$A$7:$M$142,13,0) -> 0 | D91: =D92+D94+D96+D98+D100+D102+D104+D106 -> 0 | E91: =E92+E94+E96+E98+E100+E102+E104+E106 -> 0 | F91: =F92+F94+F96+F98+F100+F102+F104+F106 -> 0 | G91: =G92+G94+G96+G98+G100+G102+G104+G106 -> 0 | H91: =H92+H94+H96+H98+H100+H102+H104+H106 -> 0 | I91: =I92+I94+I96+I98+I100+I102+I104+I106 -> 0
A92: 7.1 | B92: =VLOOKUP(A92,ORÇAMENTO!$A$7:$M$142,3,0) -> Retirada de folha de esquadria em madeira | C92: =VLOOKUP(A92,ORÇAMENTO!$A$7:$M$142,13,0) -> 0 | D92: =$C92*D93 -> 0 | E92: =$C92*E93 -> 0 | F92: =$C92*F93 -> 0 | G92: =$C92*G93 -> 0 | H92: =$C92*H93 -> 0 | I92: =$C92*I93 -> 0
A94: 7.2 | B94: =VLOOKUP(A94,ORÇAMENTO!$A$7:$M$142,3,0) -> Retirada de batente com guarnição e peças lineares em madeira, chumbados | C94: =VLOOKUP(A94,ORÇAMENTO!$A$7:$M$142,13,0) -> 0 | D94: =$C94*D95 -> 0 | E94: =$C94*E95 -> 0 | F94: =$C94*F95 -> 0 | G94: =$C94*G95 -> 0 | H94: =$C94*H95 -> 0 | I94: =$C94*I95 -> 0
A96: 7.3 | B96: =VLOOKUP(A96,ORÇAMENTO!$A$7:$M$142,3,0) -> Demolição manual de alvenaria de elevação ou elemento vazado, incluindo revestimento | C96: =VLOOKUP(A96,ORÇAMENTO!$A$7:$M$142,13,0) -> 0 | D96: =$C96*D97 -> 0 | E96: =$C96*E97 -> 0 | F96: =$C96*F97 -> 0 | G96: =$C96*G97 -> 0 | H96: =$C96*H97 -> 0 | I96: =$C96*I97 -> 0
A98: 7.4 | B98: =VLOOKUP(A98,ORÇAMENTO!$A$7:$M$142,3,0) -> Vergas, contravergas e pilaretes de concreto armado | C98: =VLOOKUP(A98,ORÇAMENTO!$A$7:$M$142,13,0) -> 0 | D98: =$C98*D99 -> 0 | E98: =$C98*E99 -> 0 | F98: =$C98*F99 -> 0 | G98: =$C98*G99 -> 0 | H98: =$C98*H99 -> 0 | I98: =$C98*I99 -> 0
A100: 7.5 | B100: =VLOOKUP(A100,ORÇAMENTO!$A$7:$M$142,3,0) -> Chapisco | C100: =VLOOKUP(A100,ORÇAMENTO!$A$7:$M$142,13,0) -> 0 | D100: =$C100*D101 -> 0 | E100: =$C100*E101 -> 0 | F100: =$C100*F101 -> 0 | G100: =$C100*G101 -> 0 | H100: =$C100*H101 -> 0 | I100: =$C100*I101 -> 0
A102: 7.6 | B102: =VLOOKUP(A102,ORÇAMENTO!$A$7:$M$142,3,0) -> Emboço comum | C102: =VLOOKUP(A102,ORÇAMENTO!$A$7:$M$142,13,0) -> 0 | D102: =$C102*D103 -> 0 | E102: =$C102*E103 -> 0 | F102: =$C102*F103 -> 0 | G102: =$C102*G103 -> 0 | H102: =$C102*H103 -> 0 | I102: =$C102*I103 -> 0
A104: 7.7 | B104: =VLOOKUP(A104,ORÇAMENTO!$A$7:$M$142,3,0) -> Reboco | C104: =VLOOKUP(A104,ORÇAMENTO!$A$7:$M$142,13,0) -> 0 | D104: =$C104*D105 -> 0 | E104: =$C104*E105 -> 0 | F104: =$C104*F105 -> 0 | G104: =$C104*G105 -> 0 | H104: =$C104*H105 -> 0 | I104: =$C104*I105 -> 0
A106: 7.8 | B106: =VLOOKUP(A106,ORÇAMENTO!$A$7:$M$142,3,0) -> Tinta látex em massa, inclusive preparo | C106: =VLOOKUP(A106,ORÇAMENTO!$A$7:$M$142,13,0) -> 0 | D106: =$C106*D107 -> 0 | E106: =$C106*E107 -> 0 | F106: =$C106*F107 -> 0 | G106: =$C106*G107 -> 0 | H106: =$C106*H107 -> 0 | I106: =$C106*I107 -> 0
A108: 8 | B108: =VLOOKUP(A108,ORÇAMENTO!$A$7:$M$142,3,0) -> ESQUADRIAS - PORTAS E JANELAS | C108: =VLOOKUP(A108,ORÇAMENTO!$A$7:$M$142,13,0) -> 0 | D108: =D109+D111+D113+D117 -> 0 | E108: =E109+E111+E113+E117 -> 0 | F108: =F109+F111+F113+F117 -> 0 | G108: =G109+G111+G113+G117+G115 -> 0 | H108: =H109+H111+H113+H117 -> 0 | I108: =I109+I111+I113+I117 -> 0
A109: 8.1 | B109: =VLOOKUP(A109,ORÇAMENTO!$A$7:$M$142,3,0) -> Caixilho em madeira maxim-ar | C109: =VLOOKUP(A109,ORÇAMENTO!$A$7:$M$142,13,0) -> 0 | D109: =$C109*D110 -> 0 | E109: =$C109*E110 -> 0 | F109: =$C109*F110 -> 0 | G109: =$C109*G110 -> 0 | H109: =$C109*H110 -> 0 | I109: =$C109*I110 -> 0
A111: 8.2 | B111: =VLOOKUP(A111,ORÇAMENTO!$A$7:$M$142,3,0) -> Vidro fantasia de 3/4 mm | C111: =VLOOKUP(A111,ORÇAMENTO!$A$7:$M$142,13,0) -> 0 | D111: =$C111*D112 -> 0 | E111: =$C111*E112 -> 0 | F111: =$C111*F112 -> 0 | G111: =$C111*G112 -> 0 | H111: =$C111*H112 -> 0 | I111: =$C111*I112 -> 0
A113: 8.3 | B113: =VLOOKUP(A113,ORÇAMENTO!$A$7:$M$142,3,0) -> Porta macho e fêmea com batente de madeira - 90 x 210 cm | C113: =VLOOKUP(A113,ORÇAMENTO!$A$7:$M$142,13,0) -> 0 | D113: =$C113*D114 -> 0 | E113: =$C113*E114 -> 0 | F113: =$C113*F114 -> 0 | G113: =$C113*G114 -> 0 | H113: =$C113*H114 -> 0 | I113: =$C113*I114 -> 0
A115: 8.4 | B115: =VLOOKUP(A115,ORÇAMENTO!$A$7:$M$142,3,0) -> Esmalte à base de água em madeira, inclusive preparo | C115: =VLOOKUP(A115,ORÇAMENTO!$A$7:$M$142,13,0) -> 0 | D115: =$C115*D116 -> 0 | E115: =$C115*E116 -> 0 | F115: =$C115*F116 -> 0 | G115: =$C115*G116 -> 0 | H115: =$C115*H116 -> 0 | I115: =$C115*I116 -> 0
A117: 8.5 | B117: =VLOOKUP(A117,ORÇAMENTO!$A$7:$M$142,3,0) -> Porta lisa com batente madeira - 60 x 210 cm | C117: =VLOOKUP(A117,ORÇAMENTO!$A$7:$M$142,13,0) -> 0 | D117: =$C117*D118 -> 0 | E117: =$C117*E118 -> 0 | F117: =$C117*F118 -> 0 | G117: =$C117*G118 -> 0 | H117: =$C117*H118 -> 0 | I117: =$C117*I118 -> 0
A119: 9 | B119: =VLOOKUP(A119,ORÇAMENTO!$A$7:$M$142,3,0) -> GUARDA CORPO E CORRIMÃO | C119: =VLOOKUP(A119,ORÇAMENTO!$A$7:$M$142,13,0) -> 0 | D119: =D120+D122+D124+D126+D128+D130+D132+D134+D136 -> 0 | E119: =E120+E122+E124+E126+E128+E130+E132+E134+E136 -> 0 | F119: =F120+F122+F124+F126+F128+F130+F132+F134+F136 -> 0 | G119: =G120+G122+G124+G126+G128+G130+G132+G134+G136 -> 0 | H119: =H120+H122+H124+H126+H128+H130+H132+H134+H136 -> 0 | I119: =I120+I122+I124+I126+I128+I130+I132+I134+I136 -> 0
A120: 9.1 | B120: =VLOOKUP(A120,ORÇAMENTO!$A$7:$M$142,3,0) -> Locação para muros, cercas e alambrados | C120: =VLOOKUP(A120,ORÇAMENTO!$A$7:$M$142,13,0) -> 0 | D120: =$C120*D121 -> 0 | E120: =$C120*E121 -> 0 | F120: =$C120*F121 -> 0 | G120: =$C120*G121 -> 0 | H120: =$C120*H121 -> 0 | I120: =$C120*I121 -> 0
A122: 9.2 | B122: =VLOOKUP(A122,ORÇAMENTO!$A$7:$M$142,3,0) -> Forma plana em compensado para estrutura aparente | C122: =VLOOKUP(A122,ORÇAMENTO!$A$7:$M$142,13,0) -> 0 | D122: =$C122*D123 -> 0 | E122: =$C122*E123 -> 0 | F122: =$C122*F123 -> 0 | G122: =$C122*G123 -> 0 | H122: =$C122*H123 -> 0 | I122: =$C122*I123 -> 0
A124: 9.3 | B124: =VLOOKUP(A124,ORÇAMENTO!$A$7:$M$142,3,0) -> Armadura em barra de aço CA-50 (A ou B) fyk = 500 MPa | C124: =VLOOKUP(A124,ORÇAMENTO!$A$7:$M$142,13,0) -> 0 | D124: =$C124*D125 -> 0 | E124: =$C124*E125 -> 0 | F124: =$C124*F125 -> 0 | G124: =$C124*G125 -> 0 | H124: =$C124*H125 -> 0 | I124: =$C124*I125 -> 0
A126: 9.4 | B126: =VLOOKUP(A126,ORÇAMENTO!$A$7:$M$142,3,0) -> Tratamento de armadura com produto anticorrosivo a base de zinco | C126: =VLOOKUP(A126,ORÇAMENTO!$A$7:$M$142,13,0) -> 0 | D126: =$C126*D127 -> 0 | E126: =$C126*E127 -> 0 | F126: =$C126*F127 -> 0 | G126: =$C126*G127 -> 0 | H126: =$C126*H127 -> 0 | I126: =$C126*I127 -> 0
A128: 9.5 | B128: =VLOOKUP(A128,ORÇAMENTO!$A$7:$M$142,3,0) -> Concreto não estrutural executado no local, mínimo 300 kg cimento / m³ | C128: =VLOOKUP(A128,ORÇAMENTO!$A$7:$M$142,13,0) -> 0 | D128: =$C128*D129 -> 0 | E128: =$C128*E129 -> 0 | F128: =$C128*F129 -> 0 | G128: =$C128*G129 -> 0 | H128: =$C128*H129 -> 0 | I128: =$C128*I129 -> 0
A130: 9.6 | B130: =VLOOKUP(A130,ORÇAMENTO!$A$7:$M$142,3,0) -> Lançamento e adensamento de concreto ou massa em estrutura | C130: =VLOOKUP(A130,ORÇAMENTO!$A$7:$M$142,13,0) -> 0 | D130: =$C130*D131 -> 0 | E130: =$C130*E131 -> 0 | F130: =$C130*F131 -> 0 | G130: =$C130*G131 -> 0 | H130: =$C130*H131 -> 0 | I130: =$C130*I131 -> 0
A132: 9.7 | B132: =VLOOKUP(A132,ORÇAMENTO!$A$7:$M$142,3,0) -> Fornecimento e montagem de estrutura metálica em perfil metalon, sem pintura | C132: =VLOOKUP(A132,ORÇAMENTO!$A$7:$M$142,13,0) -> 0 | D132: =$C132*D133 -> 0 | E132: =$C132*E133 -> 0 | F132: =$C132*F133 -> 0 | G132: =$C132*G133 -> 0 | H132: =$C132*H133 -> 0 | I132: =$C132*I133 -> 0
A134: 9.8 | B134: =VLOOKUP(A134,ORÇAMENTO!$A$7:$M$142,3,0) -> Pintura com esmalte alquídico em estrutura metálica | C134: =VLOOKUP(A134,ORÇAMENTO!$A$7:$M$142,13,0) -> 0 | D134: =$C134*D135 -> 0 | E134: =$C134*E135 -> 0 | F134: =$C134*F135 -> 0 | G134: =$C134*G135 -> 0 | H134: =$C134*H135 -> 0 | I134: =$C134*I135 -> 0
A136: 9.9 | B136: =VLOOKUP(A136,ORÇAMENTO!$A$7:$M$142,3,0) -> Corrimão duplo em tubo de aço inoxidável escovado, com diâmetro de 1 1/2´ e montantes com diâmetro de 2´ | C136: =VLOOKUP(A136,ORÇAMENTO!$A$7:$M$142,13,0) -> 0 | D136: =$C136*D137 -> 0 | E136: =$C136*E137 -> 0 | F136: =$C136*F137 -> 0 | G136: =$C136*G137 -> 0 | H136: =$C136*H137 -> 0 | I136: =$C136*I137 -> 0
A138: 10 | B138: =VLOOKUP(A138,ORÇAMENTO!$A$7:$M$142,3,0) -> PISO ARTICULADO | C138: =VLOOKUP(A138,ORÇAMENTO!$A$7:$M$142,13,0) -> 0 | D138: =SUM(D139,D141) -> 0 | E138: =SUM(E139,E141) -> 0 | F138: =SUM(F139,F141) -> 0 | G138: =SUM(G139,G141) -> 0 | H138: =SUM(H139,H141) -> 0 | I138: =SUM(I139,I141) -> 0
A139: 10.1 | B139: =VLOOKUP(A139,ORÇAMENTO!$A$7:$M$142,3,0) -> Retirada manual de paralelepípedo ou lajota de concreto, inclusive limpeza, carregamento, transporte até 1 quilômetro e descarregamento | C139: =VLOOKUP(A139,ORÇAMENTO!$A$7:$M$142,13,0) -> 0 | D139: =$C139*D140 -> 0 | E139: =$C139*E140 -> 0 | F139: =$C139*F140 -> 0 | G139: =$C139*G140 -> 0 | H139: =$C139*H140 -> 0 | I139: =$C139*I140 -> 0
A141: 10.2 | B141: =VLOOKUP(A141,ORÇAMENTO!$A$7:$M$142,3,0) -> Pavimentação em lajota de concreto 35 MPa, espessura 6 cm, cor natural, tipos: raquete, retangular, sextavado e 16 faces, com rejunte em areia | C141: =VLOOKUP(A141,ORÇAMENTO!$A$7:$M$142,13,0) -> 0 | D141: =$C141*D142 -> 0 | E141: =$C141*E142 -> 0 | F141: =$C141*F142 -> 0 | G141: =$C141*G142 -> 0 | H141: =$C141*H142 -> 0 | I141: =$C141*I142 -> 0
A143: 11 | B143: =VLOOKUP(A143,ORÇAMENTO!$A$7:$M$142,3,0) -> INSTALAÇÃO HIDRÁULICA | C143: =VLOOKUP(A143,ORÇAMENTO!$A$7:$M$142,13,0) -> 0 | D143: =D144+D146+D148+D150+D152+D154+D156+D158+D160+D162 -> 0 | E143: =E144+E146+E148+E150+E152+E154+E156+E158+E160+E162 -> 0 | F143: =F144+F146+F148+F150+F152+F154+F156+F158+F160+F162+F164 -> 0 | G143: =G144+G146+G148+G150+G152+G154+G156+G158+G160+G162 -> 0 | H143: =H144+H146+H148+H150+H152+H154+H156+H158+H160+H162 -> 0 | I143: =I144+I146+I148+I150+I152+I154+I156+I158+I160+I162 -> 0
A144: 11.1 | B144: =VLOOKUP(A144,ORÇAMENTO!$A$7:$M$142,3,0) -> Tubo de PVC rígido soldável marrom, DN= 25 mm, (3/4´), inclusive conexões | C144: =VLOOKUP(A144,ORÇAMENTO!$A$7:$M$142,13,0) -> 0 | D144: =$C144*D145 -> 0 | E144: =$C144*E145 -> 0 | F144: =$C144*F145 -> 0 | G144: =$C144*G145 -> 0 | H144: =$C144*H145 -> 0 | I144: =$C144*I145 -> 0
A146: 11.2 | B146: =VLOOKUP(A146,ORÇAMENTO!$A$7:$M$142,3,0) -> Tanque de louça com coluna de 30 litros | C146: =VLOOKUP(A146,ORÇAMENTO!$A$7:$M$142,13,0) -> 0 | D146: =$C146*D147 -> 0 | E146: =$C146*E147 -> 0 | F146: =$C146*F147 -> 0 | G146: =$C146*G147 -> 0 | H146: =$C146*H147 -> 0 | I146: =$C146*I147 -> 0
A148: 11.3 | B148: =VLOOKUP(A148,ORÇAMENTO!$A$7:$M$142,3,0) -> Torneira longa sem rosca para uso geral, em latão fundido cromado | C148: =VLOOKUP(A148,ORÇAMENTO!$A$7:$M$142,13,0) -> 0 | D148: =$C148*D149 -> 0 | E148: =$C148*E149 -> 0 | F148: =$C148*F149 -> 0 | G148: =$C148*G149 -> 0 | H148: =$C148*H149 -> 0 | I148: =$C148*I149 -> 0
A150: 11.4 | B150: =VLOOKUP(A150,ORÇAMENTO!$A$7:$M$142,3,0) -> Sifão plástico com copo, rígido, de 1´ x 1 1/2´ | C150: =VLOOKUP(A150,ORÇAMENTO!$A$7:$M$142,13,0) -> 0 | D150: =$C150*D151 -> 0 | E150: =$C150*E151 -> 0 | F150: =$C150*F151 -> 0 | G150: =$C150*G151 -> 0 | H150: =$C150*H151 -> 0 | I150: =$C150*I151 -> 0
A152: 11.5 | B152: =VLOOKUP(A152,ORÇAMENTO!$A$7:$M$142,3,0) -> Válvula de metal cromado de 1 1/2´ | C152: =VLOOKUP(A152,ORÇAMENTO!$A$7:$M$142,13,0) -> 0 | D152: =$C152*D153 -> 0 | E152: =$C152*E153 -> 0 | F152: =$C152*F153 -> 0 | G152: =$C152*G153 -> 0 | H152: =$C152*H153 -> 0 | I152: =$C152*I153 -> 0
A154: 11.6 | B154: =VLOOKUP(A154,ORÇAMENTO!$A$7:$M$142,3,0) -> Cuba de louça de embutir oval | C154: =VLOOKUP(A154,ORÇAMENTO!$A$7:$M$142,13,0) -> 0 | D154: =$C154*D155 -> 0 | E154: =$C154*E155 -> 0 | F154: =$C154*F155 -> 0 | G154: =$C154*G155 -> 0 | H154: =$C154*H155 -> 0 | I154: =$C154*I155 -> 0
A156: 11.7 | B156: =VLOOKUP(A156,ORÇAMENTO!$A$7:$M$142,3,0) -> Tampo/bancada em granito, com frontão, espessura de 2 cm, acabamento polido | C156: =VLOOKUP(A156,ORÇAMENTO!$A$7:$M$142,13,0) -> 0 | D156: =$C156*D157 -> 0 | E156: =$C156*E157 -> 0 | F156: =$C156*F157 -> 0 | G156: =$C156*G157 -> 0 | H156: =$C156*H157 -> 0 | I156: =$C156*I157 -> 0
A158: 11.8 | B158: =VLOOKUP(A158,ORÇAMENTO!$A$7:$M$142,3,0) -> Torneira curta com rosca para uso geral, em latão fundido sem acabamento, DN= 3/4´ | C158: =VLOOKUP(A158,ORÇAMENTO!$A$7:$M$142,13,0) -> 0 | D158: =$C158*D159 -> 0 | E158: =$C158*E159 -> 0 | F158: =$C158*F159 -> 0 | G158: =$C158*G159 -> 0 | H158: =$C158*H159 -> 0 | I158: =$C158*I159 -> 0
A160: 11.9 | B160: =VLOOKUP(A160,ORÇAMENTO!$A$7:$M$142,3,0) -> Tubo de PVC rígido branco, pontas lisas, soldável, linha esgoto série normal, DN= 40 mm, inclusive conexões | C160: =VLOOKUP(A160,ORÇAMENTO!$A$7:$M$142,13,0) -> 0 | D160: =$C160*D161 -> 0 | E160: =$C160*E161 -> 0 | F160: =$C160*F161 -> 0 | G160: =$C160*G161 -> 0 | H160: =$C160*H161 -> 0 | I160: =$C160*I161 -> 0
A162: 11.10 | B162: =VLOOKUP(A162,ORÇAMENTO!$A$7:$M$142,3,0) -> Tubo de PVC rígido branco PxB com virola e anel de borracha, linha esgoto série normal, DN= 100 mm, inclusive conexões | C162: =VLOOKUP(A162,ORÇAMENTO!$A$7:$M$142,13,0) -> 0 | D162: =$C162*D163 -> 0 | E162: =$C162*E163 -> 0 | F162: =$C162*F163 -> 0 | G162: =$C162*G163 -> 0 | H162: =$C162*H163 -> 0 | I162: =$C162*I163 -> 0
A164: 11.11 | B164: =VLOOKUP(A164,ORÇAMENTO!$A$7:$M$142,3,0) -> Caixa de gordura premoldada com tampa - capacidade 18 litros | C164: =VLOOKUP(A164,ORÇAMENTO!$A$7:$M$142,13,0) -> 0 | D164: =$C164*D165 -> 0 | E164: =$C164*E165 -> 0 | F164: =$C164*F165 -> 0 | G164: =$C164*G165 -> 0 | H164: =$C164*H165 -> 0 | I164: =$C164*I165 -> 0
A166: 12 | B166: =VLOOKUP(A166,ORÇAMENTO!$A$7:$M$142,3,0) -> INSTALAÇÃO ELÉTRICA | C166: =VLOOKUP(A166,ORÇAMENTO!$A$7:$M$142,13,0) -> 0 | D166: =D167+D169+D171+D173+D175+D177+D179 -> 0 | E166: =E167+E169+E171+E173+E175+E177+E179 -> 0 | F166: =F167+F169+F171+F173+F175+F177+F179 -> 0 | G166: =G167+G169+G171+G173+G175+G177+G179 -> 0 | H166: =H167+H169+H171+H173+H175+H177+H179 -> 0 | I166: =I167+I169+I171+I173+I175+I177+I179 -> 0
A167: 12.1 | B167: =VLOOKUP(A167,ORÇAMENTO!$A$7:$M$142,3,0) -> Demarcação de área com disco de corte diamantado | C167: =VLOOKUP(A167,ORÇAMENTO!$A$7:$M$142,13,0) -> 0 | D167: =$C167*D168 -> 0 | E167: =$C167*E168 -> 0 | F167: =$C167*F168 -> 0 | G167: =$C167*G168 -> 0 | H167: =$C167*H168 -> 0 | I167: =$C167*I168 -> 0
A169: 12.2 | B169: =VLOOKUP(A169,ORÇAMENTO!$A$7:$M$142,3,0) -> Eletroduto corrugado em polietileno de alta densidade, DN= 40 mm, com acessórios | C169: =VLOOKUP(A169,ORÇAMENTO!$A$7:$M$142,13,0) -> 0 | D169: =$C169*D170 -> 0 | E169: =$C169*E170 -> 0 | F169: =$C169*F170 -> 0 | G169: =$C169*G170 -> 0 | H169: =$C169*H170 -> 0 | I169: =$C169*I170 -> 0
A171: 12.3 | B171: =VLOOKUP(A171,ORÇAMENTO!$A$7:$M$142,3,0) -> Emboço comum | C171: =VLOOKUP(A171,ORÇAMENTO!$A$7:$M$142,13,0) -> 0 | D171: =$C171*D172 -> 0 | E171: =$C171*E172 -> 0 | F171: =$C171*F172 -> 0 | G171: =$C171*G172 -> 0 | H171: =$C171*H172 -> 0 | I171: =$C171*I172 -> 0
A173: 12.4 | B173: =VLOOKUP(A173,ORÇAMENTO!$A$7:$M$142,3,0) -> Cabo de cobre de 1,5 mm², isolamento 750 V - isolação em PVC 70°C | C173: =VLOOKUP(A173,ORÇAMENTO!$A$7:$M$142,13,0) -> 0 | D173: =$C173*D174 -> 0 | E173: =$C173*E174 -> 0 | F173: =$C173*F174 -> 0 | G173: =$C173*G174 -> 0 | H173: =$C173*H174 -> 0 | I173: =$C173*I174 -> 0
A175: 12.5 | B175: =VLOOKUP(A175,ORÇAMENTO!$A$7:$M$142,3,0) -> Cabo de cobre de 2,5 mm², isolamento 750 V - isolação em PVC 70°C | C175: =VLOOKUP(A175,ORÇAMENTO!$A$7:$M$142,13,0) -> 0 | D175: =$C175*D176 -> 0 | E175: =$C175*E176 -> 0 | F175: =$C175*F176 -> 0 | G175: =$C175*G176 -> 0 | H175: =$C175*H176 -> 0 | I175: =$C175*I176 -> 0
A177: 12.6 | B177: =VLOOKUP(A177,ORÇAMENTO!$A$7:$M$142,3,0) -> Tomada 2P+T de 10 A - 250 V, completa | C177: =VLOOKUP(A177,ORÇAMENTO!$A$7:$M$142,13,0) -> 0 | D177: =$C177*D178 -> 0 | E177: =$C177*E178 -> 0 | F177: =$C177*F178 -> 0 | G177: =$C177*G178 -> 0 | H177: =$C177*H178 -> 0 | I177: =$C177*I178 -> 0
A179: 12.7 | B179: =VLOOKUP(A179,ORÇAMENTO!$A$7:$M$142,3,0) -> Interruptor com 1 tecla simples e placa | C179: =VLOOKUP(A179,ORÇAMENTO!$A$7:$M$142,13,0) -> 0 | D179: =$C179*D180 -> 0 | E179: =$C179*E180 -> 0 | F179: =$C179*F180 -> 0 | G179: =$C179*G180 -> 0 | H179: =$C179*H180 -> 0 | I179: =$C179*I180 -> 0
A181: 13 | B181: =VLOOKUP(A181,ORÇAMENTO!$A$7:$M$142,3,0) -> PERGOLADO | C181: =VLOOKUP(A181,ORÇAMENTO!$A$7:$M$142,13,0) -> 0 | D181: =D182+D184+D186+D188+D190+D192+D194+D196+D198+D200+D202+D204 -> 0 | E181: =E182+E184+E186+E188+E190+E192+E194+E196+E198+E200+E202+E204 -> 0 | F181: =F182+F184+F186+F188+F190+F192+F194+F196+F198+F200+F202+F204 -> 0 | G181: =G182+G184+G186+G188+G190+G192+G194+G196+G198+G200+G202+G204 -> 0 | H181: =H182+H184+H186+H188+H190+H192+H194+H196+H198+H200+H202+H204 -> 0 | I181: =I182+I184+I186+I188+I190+I192+I194+I196+I198+I200+I202+I204 -> 0
A182: 13.1 | B182: =VLOOKUP(A182,ORÇAMENTO!$A$7:$M$142,3,0) -> Locação para muros, cercas e alambrados | C182: =VLOOKUP(A182,ORÇAMENTO!$A$7:$M$142,13,0) -> 0 | D182: =$C182*D183 -> 0 | E182: =$C182*E183 -> 0 | F182: =$C182*F183 -> 0 | G182: =$C182*G183 -> 0 | H182: =$C182*H183 -> 0 | I182: =$C182*I183 -> 0
...

Sheet BDI
A1: =ORÇAMENTO!$A$1 -> TIMBRE
A3: =ORÇAMENTO!$A$3 -> OBJETO: REFORMA MELHOR IDADE
B4: COMPOSIÇÃO DO BDI (acórdão 2622/2013-TCU-Plenário)
B5: ITENS | C5: DESCRIÇÃO | D5: %
B6: AC | C6: Administraçao central | D6: 0.038
B7: S + G | C7: Seguros e Garantias | D7: 0.0032
B8: R | C8: Riscos | D8: 0.005
B10: DF | C10: Despesas Financeiras | D10: 0.0102
B11: L | C11: Lucro/Remuneração | D11: 0.0664 | E11: 0.0664
B12: l | C12: Impostos/tributos | D12: =D13+D14+D15+D16 -> 0.1115
C13: PIS | D13: 0.0065
C14: COFINS | D14: 0.03
C15: ISS | D15: 0.03
C16: Contribuição Previdenciaria | D16: 0.045
B17: Taxa do BDI (%) | D17: =ROUND((((1+D6+D7+D8+D9)*(1+D10)*(1+D11))/(1-D12))-1,4) -> 0.2685
B18: Fórmula usada no cálculo do BDI ou LDI (acórdão 2622/2013-TCU-Plenário):
B22: Onde:
B23: AC: taxa de administração central;
B24: S: taxa de seguros;
B25: R: taxa de riscos;
B26: G: taxa de garantias;
B27: DF: taxa de despesas financeiras;
B28: L: taxa de lucro/remuneração;
B29: I: taxa de incidência de impostos (PIS, COFINS, ISS e Contribuição Previdenciária).
A30: Obs.: | B30: Para orçamentos considerando a Desoneração Fiscal deverá ser somada a alíquota de 4,5% referente a Contibuição Previdenciária no item impostos.
